 Dungeon Crawl Stone Soup version 0.30-a0-459-g9104f0fc43 (webtiles) character file.

Game seed: 14629181660643438006

17038411 RepoMan the Grand Master (level 27, 228/228 HPs)
             Began as a Demonspawn Hunter on Dec 13, 2022.
             Was the Champion of Ru.
             Escaped with the Orb
             ... and 15 runes on Dec 15, 2022!
             The game lasted 14:13:13 (91091 turns).

RepoMan the Grand Master (Demonspawn Hunter)       Turns: 91091, Time: 14:13:13

Health: 228/228    AC: 20    Str: 22    XL:     27
Magic:  41/41      EV: 25    Int: 26    God:    Ru [******]
Gold:   13526      SH: 41    Dex: 27    Spells: 16/65 levels left

rFire   + + .      SeeInvis +      - Unarmed
rCold   + + .      Faith    .    G - +8 tower shield {AC+3}
rNeg    + . .      Spirit   .    j - +2 robe {Archmagi}
rPois   +          Reflect  .    V - +1 hat of the Centipede {Will+ Int+3 Dex+3}
rElec   .          Harm     .    v - scarf {rC+ rF+}
rCorr   +          Rampage  .    (gloves unavailable)
Will    +++++      Archmagi +    I - +1 pair of boots of the Accordion {Fly rPois Int+8 Slay-5}
Stlth   +......... Clarity  +    m - amulet of the Four Winds {rN+ Will+++ Clar}
HPRegen 0.58/turn                t - ring "Xainen" {rF+ rC+ Str+2 Stlth+}
MPRegen 0.27/turn                S - ring "Udyno" {rCorr Str+3 Int+3 SInv}

@: flying, studying 2 skills
A: claws 3, hurl damnation, icemail 2, powered by pain 3, torment resistance 1,
no potion heal 2, inability to use devices, hated by all, weak-willed 1,
unskilled 1, sharp scales 3, condensation shield, demonic willpower, horns 1,
large bone plates 1, agile 1, deformed body, low MP 1, weak 1
0: Orb of Zot
}: 15/15 runes: barnacled, slimy, silver, golden, iron, obsidian, icy, bone,
abyssal, demonic, glowing, magical, fiery, dark, gossamer
a: Hurl Damnation, Renounce Religion, Draw Out Power, Power Leap, Apocalypse


You escaped.
You worshipped Ru.
Ru was exalted by your worship.
You visited 17 branches of the dungeon, and saw 86 of its levels.
You visited Pandemonium 2 times, and saw 12 of its levels.
You visited the Abyss 1 time.
You visited 1 ziggurat, and saw 15 of its levels.
You also visited: Sewer and Ice Cave.

You collected 18701 gold pieces.
You spent 5175 gold pieces at shops.

Inventory:

Hand Weapons
 a - the +6 sling of Mashing Certain Death {antimagic, rF+ Str-2 Dex+6 Stlth+}
   (You found it on level 12 of a ziggurat)

   It reduces the magical energy of the wielder, and disrupts the spells and
   magical abilities of those it strikes.
   Natural abilities and divine invocations are not affected.
   Str:       It affects your strength (-2).
   Dex:       It affects your dexterity (+6).
   rF:        It protects you from fire.
   Stlth:     It makes you more stealthy.
 c - the +6 hand crossbow of Beghin {freeze, rC+}
   (You found it on level 15 of a ziggurat)

   Any ammunition fired from it freezes those it strikes, dealing additional
   cold damage.
   It can also slow down cold-blooded creatures.
   rC:        It protects you from cold.
 y - the +3 greatsling "Punk" {acid, rCorr}
   (You found it on level 3 of the Elven Halls)

   Any ammunition fired from it is coated in acid, damaging and corroding those
   it strikes.
   rCorr:     It protects you from acid and corrosion.
 T - a +0 triple crossbow
Missiles
 k - 11 silver javelins (quivered)
 C - 2 throwing nets
Armour
 j - a +2 robe of the Archmagi (worn)
 v - a scarf of resistance (worn)
 w - a +2 cloak of preservation
 G - a +8 tower shield of protection (worn)
 I - the +1 pair of boots of the Accordion (worn) {Fly rPois Int+8 Slay-5}
   (You found it on level 2 of the Dungeon)

   Int:       It affects your intelligence (+8).
   Slay:      It affects your accuracy & damage with ranged weapons and melee
   (-5).
   rPois:     It protects you from poison.
   Fly:       It grants you flight.
 P - a +3 buckler of cold resistance
 V - the +1 hat of the Centipede (worn) {Will+ Int+3 Dex+3}
   (You found it on level 1 of the Realm of Zot)

   Int:       It affects your intelligence (+3).
   Dex:       It affects your dexterity (+3).
   Will:      It increases your willpower.
 Z - the +0 cloak "Haemyxaeps" {rElec rC+++ Regen+ Str-2}
   (You acquired it on level 10 of a ziggurat)

   Str:       It affects your strength (-2).
   rC:        It renders you almost immune to cold.
   rElec:     It insulates you from electricity.
   Regen:     It increases your rate of health regeneration.
Magical Staves
 e - a staff of earth
Jewellery
 f - a ring of flight
 m - the amulet of the Four Winds (around neck) {rN+ Will+++ Clar}
   (You found it on level 10 of the Dungeon)

   [amulet of nothing]

   rN:        It protects you from negative energy.
   Clar:      It protects you against confusion.
   Will:      It greatly increases your willpower.
 q - the amulet of Qihoz {Acrobat Harm Rampage rC+}
   (You found it on level 7 of Tartarus)

   [amulet of the acrobat]

   It increases your evasion while moving and waiting.
   rC:        It protects you from cold.
   Harm:      It increases damage dealt and taken.
   Rampage:   It bestows one free step when moving towards enemies.
 r - the ring of the Hare {EV+8}
   (You found it on level 11 of a ziggurat)

   [ring of evasion]

   EV:        It affects your evasion (+8).
 t - the ring "Xainen" (left claw) {rF+ rC+ Str+2 Stlth+}
   (You found it on level 7 of the Iron City of Dis)

   [ring of protection from cold]

   Str:       It affects your strength (+2).
   rF:        It protects you from fire.
   rC:        It protects you from cold.
   Stlth:     It makes you more stealthy.
 x - the amulet "Imounot" {Spirit rCorr Int+5}
   (You found it in Pandemonium)

   [amulet of guardian spirit]

   It causes incoming damage to be divided between your reserves of health and
   magic.
   Int:       It affects your intelligence (+5).
   rCorr:     It protects you from acid and corrosion.
 B - the ring "Upuca" {rC+ Str+4}
   (You found it on level 5 of the Pits of Slime)

   [ring of protection from cold]

   Str:       It affects your strength (+4).
   rC:        It protects you from cold.
 L - the ring "Barorph" {rF+ rN+}
   (You found it on level 3 of the Crypt)

   [ring of positive energy]

   rF:        It protects you from fire.
   rN:        It protects you from negative energy.
 S - the ring "Udyno" (right claw) {rCorr Str+3 Int+3 SInv}
   (You bought it in a shop on level 5 of the Vaults)

   [ring of see invisible]

   Str:       It affects your strength (+3).
   Int:       It affects your intelligence (+3).
   SInv:      It lets you see invisible.
   rCorr:     It protects you from acid and corrosion.
 W - the ring "Leceu" {Wiz Int+3}
   (You found it on level 9 of a ziggurat)

   [ring of wizardry]

   It improves your spell success rate.
   Int:       It affects your intelligence (+3).
Scrolls
 g - 7 scrolls of poison
 h - 4 scrolls of enchant weapon
 i - 6 scrolls of fog
 o - 12 scrolls of fear
 s - 8 scrolls of brand weapon
 A - 5 scrolls of magic mapping
 D - 9 scrolls of enchant armour
 E - 15 scrolls of amnesia
 F - 4 scrolls of blinking
 N - 16 scrolls of vulnerability
 O - 21 scrolls of teleportation
 U - 23 scrolls of immolation
 X - 2 scrolls of silence
Potions
 b - 8 potions of magic
 d - 18 potions of curing
 l - 15 potions of flight
 n - 9 potions of ambrosia
 p - a potion of berserk rage
 u - 10 potions of attraction
 H - 2 potions of brilliance
 J - 14 potions of mutation
 K - 2 potions of might
 M - a potion of resistance
 Q - 14 potions of lignification
 R - 9 potions of heal wounds
 Y - 2 potions of invisibility


   Skills:
 - Level 21.1 Fighting
 - Level 14.4 Ranged Weapons
 - Level 3.3 Throwing
 - Level 2.2 Armour
 - Level 14.4 Dodging
 - Level 0.7 Stealth
 - Level 21.1 Shields
 O Level 27 Unarmed Combat
 + Level 19.5 Spellcasting
 - Level 7.7 Translocations
 - Level 16.6 Transmutations
 O Level 27 Earth Magic


You had 16 spell levels left.
You knew the following spells:

 Your Spells              Type           Power      Damage    Failure   Level
a - Manifold Assault      Tloc           78%        N/A       1%          4
b - Blink                 Tloc           100%       N/A       1%          2
d - Lee's Rapid Deconstr  Erth           64%        3d29*     0%          5
g - Apportation           Tloc           100%       N/A       1%          1
l - Lesser Beckoning      Tloc           100%       N/A       1%          3
p - Passwall              Tmut/Erth      98%        N/A       0%          2
s - Statue Form           Tmut/Erth      78%        N/A       1%          6
w - Wereblood             Tmut           100%       N/A       0%          2
x - Borgnjor's Vile Clut  Necr/Erth      48%        N/A       1%          5
y - Yara's Violent Unrav  Hex/Tmut       40%        3d16      3%          5
K - Shatter               Erth           64%        3d47*     4%          9
X - Irradiate             Conj/Tmut      40%        3d25      3%          5

Your spell library contained the following spells:

 Spells                   Type           Power      Damage    Failure   Level
 Beastly Appendage        Tmut           100%       N/A       0%          1
 Sandblast                Erth           100%       2d20      0%          1
 Petrify                  Tmut/Erth      100%       N/A       0%          4
 Sting                    Tmut/Pois      100%       1d8       1%          1
 Momentum Strike          Conj/Tloc      100%       3d10      1%          2
 Gell's Gravitas          Tloc           78%        N/A       1%          3
 Ignite Poison            Fire/Tmut/Pois 69%        N/A       1%          3
 Portal Projectile        Hex/Tloc       100%       N/A       1%          3
 Spider Form              Tmut/Pois      80%        N/A       1%          3
 Stone Arrow              Conj/Erth      100%       3d13      1%          3
 Teleport Other           Tloc           78%        N/A       1%          3
 Ice Form                 Ice/Tmut       80%        N/A       1%          4
 Leda's Liquefaction      Hex/Erth       48%        N/A       1%          4
 Passage of Golubria      Tloc           78%        N/A       1%          4
 Blade Hands              Tmut           53%        N/A       1%          5
 Iron Shot                Conj/Erth      48%        9d9       1%          6
 Foxfire                  Conj/Fire      100%       2x1d9     3%          1
 Kiss of Death            Conj/Necr      100%       2d13      3%          1
 Magic Dart               Conj           100%       1d8       3%          1
 Necrotise                Necr           100%       1d9       3%          1
 Shock                    Conj/Air       100%       1d9       3%          1
 Slow                     Hex            100%       N/A       3%          1
 Kindle Blastsparks       Fire/Tloc/Air  100%       2d18      3%          3
 Alistair's Intoxication  Tmut/Pois      53%        N/A       3%          5
 Dragon Form              Tmut           53%        N/A       3%          7
 Cigotuvi's Dreadful Rot  Necr/Pois/Air  76%        N/A       4%          2
 Ensorcelled Hibernation  Hex/Ice        76%        N/A       4%          2
 Poisonous Vapours        Pois/Air       76%        N/A       4%          2
 Searing Ray              Conj           76%        2d7       4%          2
 Static Discharge         Conj/Air       76%        2-6/arc   4%          2
 Sublimation of Blood     Necr           38%        N/A       4%          2
 Iskenderun's Mystic Bla  Conj/Tloc      62%        2d13      7%          4
 Confusing Touch          Hex            38%        N/A       10%         3
 Dazzling Flash           Conj/Hex       76%        N/A       10%         3
 Frozen Ramparts          Ice            76%        1d12      10%         3
 Hailstorm                Conj/Ice       38%        3d9       10%         3
 Inner Flame              Hex/Fire       38%        N/A       10%         3
 Mephitic Cloud           Conj/Pois/Air  38%        N/A       10%         3
 Ozocubu's Armour         Ice            38%        N/A       10%         3
 Swiftness                Air            38%        N/A       10%         3
 Vampiric Draining        Necr           38%        2d8       10%         3
 Eringya's Noxious Bog    Tmut/Pois      40%        N/A       16%         6
 Dispersal                Tloc           39%        N/A       21%         6
 Airstrike                Air            19%        2d(3-19)  32%         4
 Anguish                  Hex/Necr       19%        N/A       32%         4
 Cause Fear               Hex            19%        N/A       32%         4
 Dispel Undead            Necr           38%        3d16      32%         4
 Flame Wave               Conj/Fire      38%        2d10      32%         4
 Fulminant Prism          Conj/Hex       19%        3d10      32%         4
 Olgreb's Toxic Radiance  Pois           38%        N/A       32%         4
 Sticky Flame             Conj/Fire      38%        2d6       32%         4
 Lehudib's Crystal Spear  Conj/Erth      48%        10d12     63%         8
 Agony                    Necr           38%        N/A       65%         5
 Fireball                 Conj/Fire      19%        3d9       65%         5
 Freezing Cloud           Conj/Ice/Air   19%        6-21      65%         5
 Iskenderun's Battlesphe  Conj           38%        2d9       65%         5
 Lightning Bolt           Conj/Air       19%        1d33      65%         5
 Metabolic Englaciation   Hex/Ice        19%        N/A       65%         5
 Silence                  Hex/Air        19%        N/A       65%         5
 Storm Form               Tmut/Air       40%        N/A       65%         7
 Conjure Ball Lightning   Conj/Air       19%        3x3d6     99%         6
 Starburst                Conj/Fire      19%        6d7       99%         6
 Ozocubu's Refrigeration  Ice            19%        4d11      100%        7
 Borgnjor's Revivificati  Necr           19%        N/A       100%        8
 Discord                  Hex            19%        N/A       100%        8
 Disjunction              Tloc           39%        N/A       100%        8
 Ignition                 Fire           19%        3d7       100%        8
 Maxwell's Capacitive Co  Air            19%        ∞         100%        8
 Necromutation            Tmut/Necr      40%        N/A       100%        8
 Chain Lightning          Conj/Air       19%        3d25      100%        9
 Death's Door             Necr           19%        N/A       100%        9
 Fire Storm               Conj/Fire      19%        8d5       100%        9
 Animate Armour           Summ/Erth      Unusable   N/A       N/A         4
 Call Imp                 Summ           Unusable   N/A       N/A         2
 Call Canine Familiar     Summ           Unusable   N/A       N/A         3
 Tukima's Dance           Hex            Unusable   N/A       N/A         3
 Animate Dead             Necr           Unusable   N/A       N/A         4
 Summon Ice Beast         Ice/Summ       Unusable   N/A       N/A         4
 Summon Lightning Spire   Summ/Air       Unusable   N/A       N/A         4
 Summon Mana Viper        Hex/Summ       Unusable   N/A       N/A         5
 Death Channel            Necr           Unusable   N/A       N/A         6
 Simulacrum               Ice/Necr       Unusable   N/A       N/A         6
 Monstrous Menagerie      Summ           Unusable   N/A       N/A         7
 Spellforged Servitor     Conj/Summ      Unusable   N/A       N/A         7

Dungeon Overview and Level Annotations

Branches:
Dungeon (15/15)            Temple (0/1) D:6            Lair (5/5) D:11
 Shoals (4/4) Lair:3       Spider (4/4) Lair:2        Slime (5/5) Lair:5
    Orc (2/2) D:12            Elf (3/3) Orc:2        Vaults (5/5) D:13
  Crypt (3/3) Vaults:3       Tomb (3/3) Crypt:3      Depths (4/4) D:15
   Hell (visited)             Dis (7/7) Hell            Geh (7/7) Hell
    Coc (7/7) Hell            Tar (7/7) Hell            Zot (5/5) Depths:4
  Sewer (visited)           IceCv (visited)

Altars:
Ashenzari
Dithmenos
Makhleb
Ru
Sif Muna
Trog
Uskayaw
Wu Jian
Lugonu

Shops:
Orc:2 [((*   Elf:1 ?   Elf:2 ((?***   Shoals:1 (   Vaults:1 !   Vaults:3 :
Vaults:5 =   Depths:1 :

Portals:
Hell: Depths:1 Depths:2 Depths:3 Depths:4
Abyss: Depths:1 Depths:3
Pandemonium: Depths:2

Annotations:
Geh:3 15 runed doors


Innate Abilities, Weirdness & Mutations

You have claws for hands.
You can hurl damnation.
A meltable icy envelope protects you from harm. (AC +8)
You are powered by pain.
You are resistant to unholy torment.
Potions cannot restore your health.
You cannot study or use magical devices.
You are hated by all.
You are slightly weak-willed. (Will-)
You are somewhat unskilled. (-1 Apt)
You are completely covered in razor-sharp scales. (AC +3, Slay +3)
A meltable shield of frost defends you. (SH +4)
You punish those that try to bend your will. (Will+)
You have a pair of small horns on your head.
You are partially covered in large bone plates. (SH +4)
You are agile. (Dex +4, Str/Int -1)
Armour fits poorly on your strangely shaped body.
Your magical capacity is low. (-10% MP)
You are weak. (Str -2)


Message History

Confirm with . or Enter, or press ? or * to list all spells.
Aiming: Passwall (safe; 0% risk of failure)
Press: ? - help, Dir - move target A rock wall.
This square is covered in magical glow.
You feel a surge of power!
You begin to meditate on the wall.
You continue meditating on the rock. x3
The shadow demon gives a loud, deep croak!
You continue meditating on the rock. x2
Cidd gestures at you.
Cidd conjures a mighty blast of ice!
The great icy blast engulfs the tentacled monstrosity!!
The tentacled monstrosity partially resists.
The tentacled monstrosity is flash-frozen.
The great icy blast engulfs you! You partially resist.
You are encased in ice.
The shadow demon gestures.
The tentacled monstrosity is engulfed in freezing vapours.
You continue meditating on the rock.
You are engulfed in freezing vapours.
You resist.
Cidd gestures.
Cidd blinks!
You finish merging with the rock.
The ice encasing you melts away.
There is a stone staircase leading up here.
You fly upwards.
There is a stone staircase leading down here.
Your extra speed is starting to run out.
Magic restored.
There is a stone staircase leading up here.
You feel yourself slow down.
You fly upwards.
There is a stone staircase leading down here.
There is a stone staircase leading up here.
You fly upwards.
There is a stone staircase leading down here.
There is an open door here.
HP restored.
There is a staircase leading out of the dungeon here.
You have escaped!

#..≈.§...#.####....≈..#.....
#...≈§...........≈≈§..#.####
#...≈§≈≈.......≈≈≈≈...#.#
#####...§§§§≈≈...≈≈≈≈§......#
#........§≈§≈≈≈.≈≈≈≈≈≈§...#.#
##.###.....≈≈≈§≈.≈§≈≈≈.....#.####
##.###.....≈≈≈...§.≈≈≈...........
##.........§≈....§..≈≈........###
.........≈≈≈≈...@...≈≈≈≈.......#
##....§≈§§§§§≈.....≈≈≈≈≈≈≈.....##
##.§§§§§≈§§§§§.....≈≈≈≈≈≈≈≈≈.....
##.§≈§§≈≈≈§§§§≈≈§≈§§≈§≈≈≈≈≈≈≈≈...
##§§...§....§.≈≈≈§≈...........##.
###........)...≈≈§.§..........##.
####.###.....≈§≈.....#####.###.
#.# #......≈.......# #.# #.
##.###......≈.......####+###.


There were no monsters in sight!

Vanquished Creatures
  Cerebov (Pan)
  Antaeus (Coc:7)
  Asmodeus (Geh:7)
  the Royal Jelly (Slime:5)
  Gloorx Vloq (Pan)
  Ereshkigal (Tar:7)
  Lom Lobon (Pan)
  Mnoleg (Pan)
  11 dread liches
  A seraph (Pan)
  the Serpent of Hell (Coc:7)
  Dispater (Dis:7)
  The ghost of Lioda the Conqueror, a legendary MiBe of Trog (Zot:1)
  6 orbs of fire
  14 ancient liches
  Mennas (Pan)
  A juggernaut (Depths:2)
  6 pandemonium lords
  Josephina (Zot:1)
  23 royal mummies
  Bai Suzhen (Crypt:2)
  10 shard shrikes (Coc:7)
  8 Killer Klowns
  5 curse toes
  Geryon (Hell)
  12 caustic shrikes
  12 golden dragons
  Nikola (Shoals:4)
  13 bone dragons
  10 profane servitors
  12 iron giants
  16 Tzitzimimeh
  8 doom hounds
  13 Brimstone Fiends
  6 electric golems
  5 spectral shard shrikes
  10 hellephants
  Zenata (Crypt:2)
  20 Hell Sentinels
  13 Ice Fiends
  Jorgrun (Shoals:1)
  15 tentacled monstrosities
  21 searing wretches
  17 tainted leviathans
  24 Orb Guardians (Zot:5)
  Rupert (Lair:5)
  A deep elf blademaster (Elf:3)
  15 liches
  7 titans
  A deep elf master archer (Elf:3)
  A walking frostbound tome (Depths:2)
  20 acid blobs
  6 quicksilver dragons
  10 death cobs
  17 Executioners
  Gastronok (D:11)
  39 ancient champions
  4 tentacled starspawn
  17 sphinxes
  Roxanne (Shoals:1)
  8 demonspawn warmongers
  15 shadow dragons
  7 revenants
  Donald (Spider:2)
  16 rockslimes
  10 draconian monks
  23 storm dragons
  21 fire giants
  7 tengu reavers
  2 daevas (Depths:4)
  11 deep elf sorcerers
  4 iron dragons
  6 nagarajas
  A fire giant (shapeshifter) (Zig:10)
  5 narguns
  A fenstrider witch (shapeshifter) (Vaults:5)
  5 azure jellies (Slime:5)
  6 emperor scorpions
  10 draconian knights
  15 quicksilver elementals
  12 frost giants
  A shard shrike simulacrum (Coc:7)
  6 curse skulls
  7 ghost moths
  55 balrugs
  2 spectral caustic shrikes (Tar:2)
  21 vault wardens
  Aizul (Shoals:1)
  Louise (Shoals:1)
  14 draconian shifters
  12 draconian scorchers
  15 draconian annihilators
  9 angels (Pan)
  11 cacodemons
  6 caustic shrike skeletons
  3 orc warlords (Vaults:1)
  3 demonspawn corrupters
  4 ghouls (Crypt:1)
  4 demonspawn blood saints
  4 spriggan defenders
  5 draconian stormcallers
  2 broodmothers
  7 deep elf elementalists (Elf:3)
  19 ironbound preservers
  15 stone giants
  10 quicksilver oozes
  29 very ugly things
  16 reapers
  12 war gargoyles
  8 ophanim (Pan)
  6 vampire knights
  7 ironbound thunderhulks
  17 black draconians
  An apis (Pan)
  11 elemental wellsprings
  5 demonspawn black suns (Pan)
  6 bennus (Tomb:3)
  9 deep elf annihilators
  22 dire elephants
  15 green draconians
  A spectral titan (Tar:1)
  A rockslime zombie (Crypt:3)
  6 deep elf demonologists
  11 red draconians
  8 wendigos
  10 lorocyprocas
  29 putrid mouths
  15 white draconians
  10 yellow draconians
  The ghost of Soborki the Severer, a journeyman MiBe of Trog (Lair:3)
  9 spark wasps
  Snorg (D:13)
  11 ettins
  9 purple draconians
  14 eidola
  The ghost of Loklulaf the Cleaver, a journeyman DgGl (Orc:1)
  13 blizzard demons (Pan)
  23 iron golems
  9 merfolk javelineers
  3 spectral quicksilver dragons (Tar:3)
  8 deep elf death magi
  19 mummy priests
  21 fire dragons
  13 merfolk impalers
  A crystal guardian (Vaults:4)
  10 green deaths
  7 entropy weavers
  The ghost of voshxx the Summoner, a journeyman OpSu of Gozag (D:13)
  9 jiangshi
  2 spectral spriggans
  4 deep elf high priests (Elf:3)
  A rakshasa (Depths:2)
  15 yaktaur captains
  2 spriggan zombies
  Fannar (Lair:1)
  7 hydras
  A spectral fenstrider witch (Tar:1)
  11 great orbs of eyes
  11 spriggan air magi
  A peacekeeper (Vaults:4)
  13 salamander tyrants
  37 vault guards
  A jorogumo (Spider:1)
  5 juggernaut simulacra
  A spectral shadow dragon (Tar:1)
  Harold (D:10)
  An alligator snapping turtle (Shoals:4)
  A hydra (shapeshifter) (D:10)
  An anaconda (Zig:13)
  3 radroaches
  10 centaur warriors
  15 ice dragons
  6 caustic shrike simulacra
  8 ogre magi
  A hell beast (Pan)
  3 ghost crabs (Depths:2)
  5 spriggan skeletons
  12 stokers
  28 death scarabs (Tomb:1)
  9 deep troll shamans
  14 boulder beetles
  A catoblepas (Lair:5)
  11 two-headed ogres
  A fenstrider witch skeleton (Pan)
  9 ironbound frosthearts
  2 merfolk avatars
  10 merfolk aquamancers
  2 naga warriors (Zig:11)
  28 dancing weapons
  9 vampire magi
  4 death yaks (IceCv)
  4 satyrs
  34 hell hogs
  3 spectral dire elephants
  6 spriggan berserkers
  4 thrashing horrors (Abyss:3)
  7 deep troll earth magi
  Urug (D:10)
  3 orc high priests (Orc:2)
  9 tengu warriors
  8 wretched stars (Abyss:3)
  7 titan skeletons
  Amaemon (D:10)
  17 hell knights
  8 shock serpents
  30 soul eaters
  16 deep elf knights
  The ghost of LetschGu the Skirmisher, a novice TeHu of Okawaru (D:10)
  11 crystal echidnas
  6 naga sharpshooters
  An emperor scorpion zombie (Crypt:2)
  2 spectral death yaks (Lair:5)
  63 sun demons
  41 skeletal warriors
  37 shadow wraiths
  10 iron trolls
  3 sun moths
  5 pharaoh ants
  Lodul (D:11)
  5 fire crabs
  19 sixfirhies
  2 spectral anacondas
  A storm dragon skeleton (Crypt:3)
  36 large abominations
  4 shadow demons
  8 cherubim (Pan)
  4 flayed ghosts
  9 orb spiders
  A bunyip zombie (Crypt:2)
  71 deep trolls
  9 sea snakes
  An anaconda zombie (Tomb:3)
  8 glowing orange brains
  3 quicksilver dragon simulacra
  A steelbarb worm (shapeshifter) (Abyss:3)
  15 steelbarb worms
  A swamp dragon (Zig:12)
  A spectral bunyip (Tar:2)
  An anaconda skeleton (Pan)
  14 deep elf archers
  A spectral iron dragon (Tar:1)
  19 wizards
  6 obsidian statues
  A golden dragon skeleton (Pan)
  3 naga ritualists
  5 orange crystal statues
  13 orc knights
  A shadow dragon zombie (Vaults:2)
  37 deep elf zephyrmancers
  11 necromancers
  3 bog bodies
  2 bunyip skeletons
  11 lindwurms
  18 harpies
  17 ironbound convokers
  The ghost of Thjof the Trooper, a novice DsMo of Trog (D:5)
  36 deep elf pyromancers
  2 fenstrider witch simulacra (Coc:1)
  13 phantasmal warriors
  17 wolf spiders
  8 orc sorcerers
  A mana viper (Zig:11)
  A manticore (shapeshifter) (D:10)
  8 shining eyes
  A tengu skeleton (Depths:2)
  8 wolf spider zombies (Spider:1)
  3 salamanders
  15 fauns
  4 cyclopes
  9 manticores
  50 ugly things
  40 moths of wrath
  3 oklob plants (Lair:5)
  3 stone giant skeletons
  25 elephants
  A toenail golem (D:15)
  2 elephants (shapeshifter)
  A frost giant skeleton (Vaults:2)
  8 naga magi
  2 shadow dragon skeletons (Crypt:3)
  11 black mambas
  A moth of wrath (shapeshifter) (Vaults:5)
  A centaur zombie (Crypt:2)
  11 ice statues
  8 apocalypse crabs
  19 smoke demons
  7 guardian serpents
  5 rust devils
  20 vault sentinels
  6 molten gargoyles
  An eleionoma skeleton (Crypt:2)
  7 torpor snails
  17 water nymphs
  9 merfolk sirens
  6 cane toads
  6 titan simulacra
  An alligator snapping turtle zombie (Crypt:1)
  17 orange demons
  2 eyes of devastation
  A gargoyle (D:10)
  2 unseen horrors
  14 hellions
  A yaktaur zombie (Vaults:1)
  5 kobold demonologists
  15 efreet
  14 rime drakes
  A black draconian zombie (Crypt:2)
  20 demonic crawlers
  A steelbarb worm zombie (Crypt:1)
  An unseen horror (shapeshifter) (Vaults:5)
  4 dire elephant skeletons
  12 freezing wraiths
  10 komodo dragons
  12 ice devils
  11 hellwings
  2 bunyip simulacra
  16 tormentors
  A ghost moth simulacrum (Zot:1)
  5 silent spectres
  2 iron giant simulacra
  7 anaconda simulacra
  An alligator snapping turtle skeleton (Crypt:3)
  4 spectral nagas
  4 redback zombies (Spider:1)
  A yaktaur skeleton (Vaults:1)
  30 yaktaurs
  A merfolk (shapeshifter) (Zig:10)
  2 tengu conjurers
  4 ancient zymes (Abyss:3)
  4 sea snake skeletons
  8 trolls
  35 guardian mummies
  A spectral harpy (Tar:4)
  31 merfolk
  5 red devils
  3 hydra zombies
  3 iron dragon simulacra
  3 golden dragon simulacra
  15 meliai
  A harpy zombie (Tomb:3)
  16 tarantellas
  A tarantella (shapeshifter) (D:15)
  15 wind drakes
  2 hornets
  8 polar bears
  A tyrant leech (shapeshifter) (Depths:4)
  2 hydra skeletons (Hell)
  6 raiju
  Grinder (D:6)
  A sphinx simulacrum (Depths:2)
  66 slime creatures
  A hornet (shapeshifter) (Vaults:5)
  A spectral elephant (Lair:5)
  16 blink frogs
  6 tarantella zombies (Spider:1)
  8 culicivora zombies (Spider:1)
  An ettin zombie (Vaults:1)
  An alligator zombie (Hell)
  5 harpy skeletons
  10 snapping turtles
  13 dream sheep
  11 flying skulls
  A fire giant simulacrum (Vaults:1)
  15 culicivoras
  A satyr skeleton (Crypt:3)
  A draconian simulacrum (Zot:1)
  A jumping spider (shapeshifter) (Zig:10)
  A shadow (D:12)
  3 ettin skeletons
  5 spriggans
  20 ynoxinuls
  17 jumping spiders
  66 yaks
  A culicivora (shapeshifter) (D:15)
  16 starcursed masses (Abyss:3)
  6 wraiths
  4 dire elephant simulacra
  6 air elementals
  32 water elementals
  2 fire bats (Abyss:3)
  A vampire (D:12)
  A hog (Depths:2)
  6 wyverns
  7 fire elementals
  A human (shapeshifter) (D:11)
  28 ushabtiu
  11 basilisks
  21 golden eyes
  16 chaos spawn
  23 neqoxecs
  36 redbacks
  A yaktaur simulacrum (Vaults:2)
  A steam dragon (Abyss:3)
  21 vampire mosquitoes
  3 wargs
  2 spatial vortices (Depths:2)
  8 acid dragons
  13 harpy simulacra
  18 hell hounds
  2 floating eyes
  2 moth of wrath simulacra (Zot:1)
  23 water moccasins
  A merfolk zombie (Crypt:3)
  2 hydra simulacra
  3 swamp drakes (Zig:12)
  25 orc warriors
  3 ice beasts
  A naga skeleton (Crypt:3)
  A demonspawn skeleton (Crypt:3)
  4 black bears
  14 small abominations
  4 sky beasts
  A black bear (shapeshifter) (D:13)
  An elephant zombie (Lair:5)
  An ettin simulacrum (Coc:3)
  A hornet zombie (Crypt:2)
  A merfolk simulacrum (Coc:1)
  A black mamba simulacrum (Coc:2)
  18 ogres
  40 wolves
  An ice dragon simulacrum (Coc:1)
  15 centaurs
  An elephant skeleton (Lair:5)
  An elf simulacrum (Vaults:1)
  6 kobold brigands
  A gnoll sergeant (D:6)
  An earth elemental (Elf:3)
  11 bullfrogs
  An entropy weaver simulacrum (Lair:1)
  5 necrophages
  3 scorpions (D:5)
  A glowing shapeshifter simulacrum (Depths:2)
  4 cane toad simulacra
  A wyvern skeleton (Crypt:3)
  17 wights
  A yak zombie (Crypt:1)
  5 killer bees
  4 elephant simulacra
  A raiju skeleton (Crypt:3)
  A troll skeleton (Crypt:3)
  2 electric eels
  A vampire bat (Depths:2)
  A bullfrog zombie (D:5)
  8 crimson imps (Pan)
  A quasit (Abyss:3)
  A lava snake (Depths:2)
  3 hounds
  2 jellies
  10 orc priests
  A bullfrog skeleton (D:5)
  4 centaur skeletons
  2 iron imps (Abyss:3)
  A basilisk skeleton (Crypt:3)
  3 iguanas
  24 orc wizards
  2 troll simulacra (Lair:1)
  4 spriggan simulacra
  A wolf simulacrum (Lair:1)
  A sky beast zombie (Crypt:1)
  A tengu zombie (Crypt:1)
  32 mummies
  A howler monkey zombie (D:5)
  13 gnolls
  15 adders
  A swamp drake zombie (Crypt:2)
  3 shadow imps
  14 white imps
  An ufetubus (D:5)
  A worm (D:3)
  4 dart slugs
  55 orcs
  13 ball pythons
  17 endoplasms
  15 giant cockroaches
  7 goblins
  8 hobgoblins
  6 jackals
  8 quokkas
  3 bats
  9 frilled lizards
  A frilled lizard skeleton (Crypt:2)
  28 kobolds
  An orc zombie (Crypt:1)
  6 rats
  A rat skeleton (Crypt:2)
  A river rat skeleton (Crypt:3)
  2 creeping infernos
  17 fire vortices
  4 starspawn tentacles (Abyss:3)
4269 creatures vanquished.

Vanquished Creatures (collateral kills)
  A torpor snail (Lair:2)
  A cane toad (Lair:2)
2 creatures vanquished.

Vanquished Creatures (others)
  A caustic shrike (Dis:2)
  2 golden dragons
  A Brimstone Fiend (Geh:7)
  An iron giant (Dis:4)
  An Orb Guardian (Zot:5)
  A quicksilver dragon (Zot:3)
  A deep elf master archer (Elf:3)
  An eldritch tentacle (Pan)
  2 death cobs (Zot:4)
  A tengu reaver (Vaults:5)
  An azure jelly (Slime:5)
  2 fire giants
  A deep elf sorcerer (Elf:3)
  2 vault wardens
  A ghost moth (Spider:3)
  A cacodemon (Pan)
  2 shard shrike simulacra
  A reaper (Zig:8)
  A draconian annihilator (Pan)
  A stone giant (Depths:1)
  An ironbound thunderhulk (Vaults:4)
  A caustic shrike skeleton (Pan)
  A deep elf demonologist (Elf:2)
  A white draconian (Zot:2)
  A deep elf annihilator (Crypt:2)
  A wendigo (Coc:7)
  A black draconian (Zot:4)
  A red draconian (Zot:1)
  A green death (Pan)
  A great orb of eyes (Slime:5)
  A yaktaur captain (Vaults:3)
  An ogre mage (D:13)
  3 juggernaut simulacra
  A fenstrider witch zombie (Crypt:2)
  A caustic shrike simulacrum (Coc:7)
  A spriggan berserker (Depths:1)
  A naga sharpshooter (Zig:13)
  An iron troll (Depths:2)
  2 shadow wraiths
  4 deep trolls
  2 skeletal warriors (Crypt:1)
  A lindwurm (Depths:2)
  2 harpies
  A deep elf pyromancer (Elf:1)
  2 phantasmal warriors
  2 wizards
  4 deep elf zephyrmancers
  A necromancer (Crypt:2)
  An ugly thing (Depths:4)
  A moth of wrath (Zot:1)
  A black mamba (Lair:2)
  A titan simulacrum (Coc:4)
  A vault sentinel (Vaults:5)
  5 smoke demons (Pan)
  A hellion (Depths:2)
  A yaktaur (Vaults:2)
  6 hellwings
  An anaconda simulacrum (Coc:7)
  An unseen horror (D:13)
  A rime drake (Lair:1)
  A tormentor (Geh:6)
  2 tengu conjurers (Depths:1)
  A merfolk (Shoals:2)
  A polar bear (Lair:1)
  A wind drake (Zig:12)
  2 snapping turtles (Shoals:4)
  A culicivora zombie (Spider:1)
  A hornet (Depths:1)
  A ynoxinul (Pan)
  4 water elementals
  A dire elephant simulacrum (Coc:7)
  2 fire bats (Abyss:3)
  A yak (Lair:5)
  A fire elemental (Zig:15)
  A human (Crypt:2)
  2 chaos spawn (Abyss:3)
  A redback (Spider:3)
  2 large abominations (Pan)
  A naga (Zig:11)
  An acid dragon (Zig:12)
  A harpy simulacrum (Coc:1)
  An ice beast (Depths:2)
  2 swamp drakes (Zig:12)
  A naga simulacrum (Coc:3)
  A white imp (Lair:4)
  3 ball lightnings (Pan)
  2 creeping infernos
  A fire vortex (Geh:4)
  31 fungi
  A lurking horror (Abyss:3)
  117 plants
  13 starspawn tentacles
  8 withered plants (Lair:5)
297 creatures vanquished.

Grand Total: 4568 creatures vanquished

Notes
Turn   | Place    | Note
-------+----------+-------------------------------------------
     0 | D:1      | RepoMan the Demonspawn Hunter began the quest for the Orb.
     0 | D:1      | Reached XP level 1. HP: 16/16 MP: 1/1
   335 | D:1      | Gained mutation: A meltable shield of frost defends you.
                  | (SH +4) [demonic ancestry]
   335 | D:1      | Reached XP level 2. HP: 22/22 MP: 2/2
   588 | D:1      | Found a faded altar of an unknown god.
   875 | D:2      | Identified the +2 ring mail of Gestures {Regen+ Int+3
                  | Dex+2}
   915 | D:1      | Gained mutation: A meltable icy envelope protects you from
                  | harm. (AC +8) [demonic ancestry]
   915 | D:1      | Reached XP level 3. HP: 23/27 MP: 3/3
   986 | D:2      | Identified the +1 pair of boots of the Accordion {Fly rPois
                  | Int+8 Slay-5}
  1055 | D:2      | Reached skill level 5 in Ranged Weapons
  1081 | D:2      | Reached XP level 4. HP: 33/33 MP: 4/4
  1736 | D:3      | Found a shadowy altar of Dithmenos.
  1737 | D:3      | Found a broken altar of Ashenzari.
  1770 | D:3      | Gained mutation: You have sharp fingernails. [demonic
                  | ancestry]
  1770 | D:3      | Reached XP level 5. HP: 37/38 MP: 5/5
  1786 | D:3      | Found a burning altar of Makhleb.
  2129 | D:3      | Reached skill level 1 in Unarmed Combat
  2431 | D:4      | Found a sacrificial altar of Ru.
  2444 | D:4      | Became a worshipper of Ru the Awakened
  2568 | D:4      | Gained mutation: You have very sharp fingernails. [demonic
                  | ancestry]
  2568 | D:4      | Reached XP level 6. HP: 39/44 MP: 6/6
  2699 | D:4      | Found a bloodstained altar of Trog.
  2839 | D:4      | Found a glowing drain.
  2847 | Sewer    | Entered a sewer
  3174 | Sewer    | Got Notuluedgh's Guide on Malediction
  3399 | D:5      | Entered Level 5 of the Dungeon
  3407 | D:5      | Reached XP level 7. HP: 50/50 MP: 7/7
  3685 | D:5      | Reached skill level 5 in Unarmed Combat
  3893 | D:5      | Found a runed translucent gate.
  3893 | D:5      | Found a runed translucent gate.
  3894 | D:5      | Found a runed translucent gate.
  3895 | D:5      | Noticed Thjof's ghost (novice DsMo)
  4270 | D:6      | Reached XP level 8. HP: 46/56 MP: 8/8
  4597 | D:6      | Found a staircase to the Ecumenical Temple.
  4687 | D:6      | Found a hide-covered altar of Uskayaw.
  4687 | D:6      | Noticed a +0 short sword
  4687 | D:6      | Noticed a +0 falchion
  4687 | D:6      | Noticed a +0 dagger
  4689 | D:6      | Noticed a +0 short sword
  4689 | D:6      | Noticed a +0 spear
  4689 | D:6      | Noticed a +0 dagger
  4689 | D:6      | Noticed a +0 spear
  4690 | D:6      | Noticed a +0 falchion
  4902 | D:6      | Noticed Grinder
  5094 | D:7      | Reached skill level 10 in Unarmed Combat
  5094 | D:7      | Reached XP level 9. HP: 38/61 MP: 9/9
  5268 | D:7      | You are sucked into a shaft and drop 1 floor!
  5322 | D:8      | Found a bloodstained altar of Trog.
  5324 | D:8      | Noticed a two-headed ogre
  5356 | D:8      | Killed a two-headed ogre
  5487 | D:8      | Found a basalt altar of Yredelemnul.
  5709 | D:8      | Gained mutation: You have claws for hands. [demonic
                  | ancestry]
  5709 | D:8      | Reached XP level 10. HP: 66/67 MP: 10/10
  7250 | D:10     | Entered Level 10 of the Dungeon
  7374 | D:10     | Noticed Harold
  7390 | D:10     | Killed Harold
  7391 | D:10     | Reached skill level 5 in Fighting
  7391 | D:10     | Gained mutation: You are partially covered in razor-sharp
                  | scales. (AC +1, Slay +1) [demonic ancestry]
  7391 | D:10     | Reached XP level 11. HP: 54/79 MP: 11/11
  7580 | D:10     | Reached skill level 5 in Dodging
  7665 | D:10     | Found a runed translucent door.
  7668 | D:10     | Noticed LetschGu's ghost (novice TeHu)
  7670 | D:10     | Identified the +9 spear "Biges" {vorpal, rF+ Str+4}
  7891 | D:10     | Found a transporter.
  7894 | D:10     | Noticed a brown ugly thing
  7895 | D:10     | Found a corrupted altar of Lugonu.
  7895 | D:10     | Noticed a large abomination
  7976 | D:10     | Noticed a sun demon
  7999 | D:10     | Noticed Urug
  8004 | D:10     | Identified a scroll of acquirement
  8004 | D:10     | Acquired 1014 gold pieces
  8263 | D:11     | Noticed a two-headed ogre
  8284 | D:11     | Killed a two-headed ogre
  8635 | D:11     | Gained mutation: You are slightly weak-willed. (Will-) [Ru
                  | sacrifice]
  8635 | D:11     | Reached * piety under Ru
  8995 | D:11     | Noticed Lodul
  9012 | D:11     | Killed Lodul
  9116 | D:11     | Found a staircase to the Lair.
  9205 | D:11     | Noticed Gastronok
  9268 | Lair:1   | Entered Level 1 of the Lair of Beasts
  9284 | D:11     | Gained mutation: You sometimes gain a little power by
                  | taking damage. [demonic ancestry]
  9284 | D:11     | Reached XP level 12. HP: 82/91 MP: 12/12
  9547 | Lair:1   | Found an ornate altar of the Wu Jian Council.
  9731 | Lair:1   | Identified the +4 hand axe of the Changing Fulmar {freeze,
                  | rPois Will++ Dex+3 Stlth-}
  9862 | Lair:1   | Reached skill level 15 in Unarmed Combat
 10241 | Lair:1   | Noticed Fannar
 10281 | Lair:1   | Killed Fannar
 10975 | Lair:1   | Learned a level 2 spell: Blink
 10978 | Lair:1   | Learned a level 2 spell: Passwall
 11038 | Lair:2   | Got the Discourse on Unholy Mysteries
 11360 | Lair:2   | Gained mutation: Potions are less effective at restoring
                  | your health. [Ru sacrifice]
 11360 | Lair:2   | Reached ** piety under Ru
 11758 | Lair:2   | Found a hole to the Spider Nest.
 12212 | Lair:2   | Gained mutation: A meltable icy envelope protects you from
                  | harm. (AC +8) [demonic ancestry]
 12212 | Lair:2   | Reached XP level 13. HP: 15/100 MP: 13/13
 12460 | Lair:3   | Found a staircase to the Shoals.
 12723 | Lair:3   | Noticed Soborki's ghost (journeyman MiBe)
 13163 | Lair:3   | Found a runed translucent door.
 13564 | Lair:4   | Found a frozen archway.
 13653 | IceCv    | Entered an ice cave
 13671 | IceCv    | Gained mutation: You are hated by all. [Ru sacrifice]
 13671 | IceCv    | Reached *** piety under Ru
 14052 | IceCv    | Reached skill level 10 in Fighting
 14090 | IceCv    | Noticed a frost giant
 14107 | IceCv    | Killed a frost giant
 14548 | Lair:4   | Reached XP level 14. HP: 111/111 MP: 14/14
 14667 | Lair:4   | Noticed Nessos
 14669 | Lair:4   | Nessos changed into Nessos the lindwurm
 14669 | Lair:4   | Noticed Nessos
 14682 | Lair:4   | Killed Nessos the lindwurm
 15090 | Lair:5   | Entered Level 5 of the Lair of Beasts
 15177 | Lair:5   | Reached skill level 10 in Dodging
 15459 | Lair:5   | Noticed Rupert
 15479 | Lair:5   | Killed Rupert
 15483 | Lair:5   | Identified the +7 war axe of the Blessed Realm {pain, *Rage
                  | +Blink rC+ rN++}
 15525 | Lair:5   | Identified the amulet "Wemaurphai" {Faith Str+5}
 16073 | Lair:5   | Found a staircase to the Slime Pits.
 17234 | D:12     | Found a staircase to the Orcish Mines.
 17556 | Orc:1    | Entered Level 1 of the Orcish Mines
 17741 | Orc:1    | Found a transporter.
 17763 | Orc:1    | Noticed Loklulaf's ghost (journeyman DgGl)
 17764 | Orc:1    | Found a transporter.
 18145 | Orc:2    | Entered Level 2 of the Orcish Mines
 18163 | Orc:2    | Found a staircase to the Elven Halls.
 18220 | Orc:2    | Gained mutation: You are mostly covered in razor-sharp
                  | scales. (AC +2, Slay +2) [demonic ancestry]
 18220 | Orc:2    | Reached XP level 15. HP: 120/120 MP: 15/15
 18374 | Orc:1    | Gained mutation: You cannot study or use magical devices.
                  | [Ru sacrifice]
 18374 | Orc:1    | Reached **** piety under Ru
 18374 | Orc:1    | Reached ***** piety under Ru
 18533 | Orc:2    | Found Vavimuma's Weapon Boutique.
 18552 | Orc:2    | Reached skill level 1 in Spellcasting
 18552 | Orc:2    | Reached skill level 1 in Translocations
 18555 | Orc:2    | Found Rigoy's General Store.
 18615 | Orc:2    | Found Gisaic's Antique Weapon Emporium.
 18615 | Orc:2    | Found Homuax's Armour Emporium.
 18640 | Orc:2    | Bought a scroll of enchant armour for 135 gold pieces
 18640 | Orc:2    | Bought a potion of degeneration for 18 gold pieces
 18640 | Orc:2    | Bought a potion of brilliance for 72 gold pieces
 18785 | D:10     | Killed Urug
 19023 | D:5      | Killed Thjof's ghost
 19264 | D:6      | Killed Grinder
 19401 | D:10     | Noticed Amaemon
 19414 | D:10     | Killed Amaemon
 19529 | D:10     | Found a transporter.
 19771 | D:11     | Killed Gastronok
 20003 | D:13     | Noticed Snorg
 20020 | D:13     | Killed Snorg
 20085 | D:13     | Found a gate to the Vaults.
 20376 | D:13     | Found a runed translucent gate.
 20376 | D:13     | Found a runed translucent gate.
 20376 | D:13     | Found a runed translucent gate.
 20381 | D:13     | Noticed voshxx's ghost (journeyman OpSu)
 20775 | Orc:2    | Bought the +15 Maxwell's patent armour {-Cast -Tele rElec
                  | Will+ rCorr} for 1808 gold pieces
 20775 | Orc:2    | Found the +15 Maxwell's patent armour {-Cast -Tele rElec
                  | Will+ rCorr}
 21601 | D:15     | Entered Level 15 of the Dungeon
 21804 | D:15     | Found a staircase to the Depths.
 21804 | D:15     | Noticed a frost giant
 21814 | D:15     | Killed a frost giant
 21880 | D:15     | Reached skill level 5 in Translocations
 22042 | D:15     | Reached skill level 1 in Throwing
 22554 | Spider:1 | Entered Level 1 of the Spider Nest
 22613 | Spider:1 | Reached XP level 16. HP: 129/129 MP: 20/20
 22848 | Spider:2 | Noticed Donald
 22863 | Spider:2 | Killed Donald
 23076 | Spider:2 | Identified the +0 cloak of Durable Amelioration {rElec}
 25088 | Spider:3 | Gained mutation: You are somewhat unskilled. (-1 Apt) [Ru
                  | sacrifice]
 25088 | Spider:3 | Reached ****** piety under Ru
 25785 | Spider:4 | Entered Level 4 of the Spider Nest
 25878 | Spider:4 | Reached XP level 17. HP: 134/135 MP: 0/21
 26939 | Spider:4 | Got a gossamer rune of Zot
 27218 | Shoals:1 | Entered Level 1 of the Shoals
 27219 | Shoals:1 | Noticed Aizul
 27281 | Shoals:1 | Killed Aizul
 27379 | Shoals:1 | Identified Roxanne's Guidebook on the Ground
 27379 | Shoals:1 | Noticed Roxanne
 27538 | Shoals:1 | Killed Roxanne
 27609 | Shoals:1 | Noticed Louise
 27687 | Shoals:1 | Noticed Jorgrun
 27708 | Shoals:1 | Killed Louise
 27719 | Shoals:1 | Killed Jorgrun
 28263 | Shoals:1 | Found Enupt's Weapon Shoppe.
 28622 | Shoals:2 | You are sucked into a shaft and drop 1 floor!
 29787 | Shoals:3 | Gained mutation: You punish those that try to bend your
                  | will. (Will+) [demonic ancestry]
 29787 | Shoals:3 | Reached XP level 18. HP: 143/143 MP: 22/22
 30486 | Shoals:4 | Entered Level 4 of the Shoals
 30637 | Shoals:4 | Paralysed by an air elemental for 1 turns
 30659 | Shoals:4 | Paralysed by an air elemental for 1 turns
 30664 | Shoals:4 | Paralysed by an air elemental for 1 turns
 30674 | Shoals:4 | Paralysed by an air elemental for 1 turns
 30885 | Shoals:4 | Paralysed by an air elemental for 1 turns
 31576 | Shoals:4 | Reached skill level 1 in Transmutations
 31576 | Shoals:4 | Reached skill level 1 in Earth Magic
 31580 | Shoals:4 | Identified the +10 ring mail "Zicki" {rElec Will+ Int-5
                  | Dex+2}
 31617 | Shoals:4 | Identified the +0 pair of gloves of Activism {Will+ Dex+6
                  | Stlth+}
 31617 | Shoals:4 | Noticed Nikola
 31636 | Shoals:4 | Killed Nikola
 31861 | Shoals:4 | Got the Volume of Intoxication and Geology
 31863 | Shoals:4 | Got a barnacled rune of Zot
 31998 | Shoals:4 | Learned a level 6 spell: Statue Form
 32197 | Elf:1    | Entered Level 1 of the Elven Halls
 32359 | Elf:1    | Found Zuse's Jewellery Emporium.
 32787 | Elf:1    | Paralysed by an air elemental for 1 turns
 33052 | Elf:1    | Got the Teachings on Blows and Bruises
 33191 | Elf:1    | Found Qontugum's Magic Scroll Shop.
 33195 | Elf:1    | Bought a scroll of blinking for 90 gold pieces
 33195 | Elf:1    | Bought a scroll of blinking for 90 gold pieces
 33367 | Elf:2    | Found a runed translucent gate.
 33367 | Elf:2    | Found a runed translucent gate.
 33367 | Elf:2    | Found a runed translucent gate.
 33411 | Elf:2    | Reached skill level 5 in Transmutations
 33411 | Elf:2    | Reached skill level 5 in Earth Magic
 33492 | Elf:2    | Paralysed by an air elemental for 1 turns
 33543 | Elf:2    | Learned a level 3 spell: Lesser Beckoning
 33609 | Elf:2    | Found Soc Vuba's Antique Weapon Boutique.
 33625 | Elf:2    | Found Wamucude's Weapon Boutique.
 33678 | Elf:2    | Reached XP level 19. HP: 69/122 MP: 15/23
 33851 | Elf:2    | Found Wuwicvuv's Magic Scroll Boutique.
 33866 | Elf:2    | Bought a scroll of enchant armour for 97 gold pieces
 33866 | Elf:2    | Bought a scroll of immolation for 52 gold pieces
 33866 | Elf:2    | Bought a scroll of teleportation for 39 gold pieces
 33866 | Elf:2    | Bought a scroll of fear for 52 gold pieces
 33866 | Elf:2    | Bought a scroll of teleportation for 39 gold pieces
 33866 | Elf:2    | Bought a scroll of enchant weapon for 97 gold pieces
 33951 | Elf:2    | Found Qijeow's General Store.
 33976 | Elf:2    | Bought a scroll of fear for 64 gold pieces
 33976 | Elf:2    | Found Gemy's General Store.
 33986 | Elf:2    | Bought a scroll of teleportation for 33 gold pieces
 34059 | Elf:2    | Found Hoiwet Kaol's Gadget Gallery.
 34089 | Elf:2    | Acquired 544 gold pieces
 34382 | Elf:3    | Entered Level 3 of the Elven Halls
 35706 | Elf:3    | Identified the +5 sling of Terror {freeze, rElec rF- SInv}
 35709 | Elf:3    | Identified the +6 falchion "Domo" {drain, rElec Dex+6}
 35718 | Elf:3    | Got Sikudoil's Octavo of Kindling
 35725 | Elf:3    | Identified the +3 leather armour of Yjaax {Rampage +Blink
                  | rPois Str-2}
 35751 | Elf:3    | Found the +3 greatsling "Punk" {acid, rCorr}
 35779 | Elf:3    | Got the Grimoire of the Chill and the Tesseract
 36260 | Vaults:1 | Entered Level 1 of the Vaults
 36471 | Vaults:1 | Found Lozigrar's Distillery.
 36505 | Vaults:1 | Bought 2 potions of berserk rage for 130 gold pieces
 36505 | Vaults:1 | Bought a potion of mutation for 104 gold pieces
 36505 | Vaults:1 | Bought a potion of heal wounds for 65 gold pieces
 36505 | Vaults:1 | Bought a potion of brilliance for 52 gold pieces
 36505 | Vaults:1 | Bought a potion of heal wounds for 65 gold pieces
 36621 | Vaults:1 | Gained mutation: You sometimes gain power by taking damage.
                  | [demonic ancestry]
 36621 | Vaults:1 | Reached XP level 20. HP: 156/156 MP: 24/24
 37381 | Vaults:1 | Reached skill level 1 in Armour
 38010 | Vaults:2 | Reached skill level 10 in Transmutations
 38097 | Vaults:2 | Reached skill level 10 in Earth Magic
 38207 | Vaults:2 | Reached skill level 1 in Shields
 39404 | Vaults:3 | Identified the +1 robe of the Harvest {rElec Str+4}
 39428 | Vaults:3 | Found Roxun's Book Emporium.
 39436 | Vaults:3 | Bought a book of Changes for 288 gold pieces
 39439 | Vaults:3 | Learned a level 2 spell: Wereblood
 39787 | Vaults:3 | Found a staircase to the Crypt.
 40173 | Vaults:3 | Gained mutation: You are resistant to unholy torment.
                  | [demonic ancestry]
 40173 | Vaults:3 | Reached XP level 21. HP: 124/162 MP: 25/25
 41138 | Vaults:4 | Reached skill level 10 in Ranged Weapons
 41532 | Vaults:4 | Noticed an ancient lich
 41859 | Vaults:4 | Reached skill level 5 in Shields
 41927 | Vaults:4 | Killed an ancient lich
 42759 | Crypt:1  | Entered Level 1 of the Crypt
 44088 | Crypt:2  | Identified the +5 ring mail of Insecurity {rN+++ Will+++
                  | Int-5 Dex-5}
 44194 | Crypt:2  | Gained mutation: You can hurl damnation. [demonic ancestry]
 44194 | Crypt:2  | Reached XP level 22. HP: 150/151 MP: 20/26
 44418 | Crypt:2  | Noticed Zenata
 44428 | Crypt:2  | Killed Zenata
 44777 | Crypt:2  | Noticed Bai Suzhen
 44816 | Crypt:2  | Killed Bai Suzhen
 44888 | Crypt:2  | Found a runed door.
 45358 | Crypt:3  | Entered Level 3 of the Crypt
 45487 | Crypt:3  | Identified the +4 great sword "Iveurphor" {vorpal, rC+}
 46218 | Crypt:3  | Found a staircase to the Tomb.
 46560 | Crypt:3  | Identified the +2 flail of the Thirsty Lives {speed, rF+
                  | rC+}
 46743 | Crypt:3  | Noticed a dread lich
 46750 | Crypt:3  | Killed a dread lich
 46753 | Crypt:3  | Found the +5 glaive of the Guard {elec, spectral, AC+5}
 46759 | Crypt:3  | Got the Writings on the Traveller and Feathers
 46763 | Crypt:3  | Identified the amulet of the Prince {Acrobat Harm rPois
                  | rN+}
 46786 | Crypt:3  | Identified the amulet "Tuqiriog" {Drain rC+ Regen+ Str+2}
 46786 | Crypt:3  | Identified the ring "Barorph" {rF+ rN+}
 46788 | Crypt:3  | Upgraded the game from 0.30-a0-457-g4b7bca3bfa to
                  | 0.30-a0-458-g86641cc369
 47081 | Crypt:3  | Noticed a curse toe
 47091 | Crypt:3  | Killed a curse toe
 47381 | Depths:1 | Entered Level 1 of the Depths
 47533 | Depths:1 | Identified the +1 pair of boots of the Loofah {+Blink rElec
                  | rPois rCorr}
 47717 | Depths:1 | Found a one-way gate to the infinite horrors of the Abyss.
 47858 | Depths:1 | Found a gateway to Hell.
 47896 | Depths:1 | Found a shimmering blue altar of Sif Muna.
 48145 | Depths:1 | Found Toirgh's Tremendous Tomes.
 48754 | Depths:2 | Gained mutation: You are completely covered in razor-sharp
                  | scales. (AC +3, Slay +3) [demonic ancestry]
 48754 | Depths:2 | Reached XP level 23. HP: 116/172 MP: 16/27
 49177 | Depths:2 | Noticed a juggernaut
 49189 | Depths:2 | Killed a juggernaut
 49980 | Depths:2 | Reached skill level 15 in Earth Magic
 50045 | Depths:2 | Found a one-way gate leading to the halls of Pandemonium.
 50229 | Depths:2 | Got Sif Muna's Atlas of Metamorphosis
 50367 | Depths:3 | Noticed a caustic shrike
 50373 | Depths:3 | Killed a caustic shrike
 51033 | Depths:3 | Identified the +10 long sword "Kuukyessiu" {venom, rElec
                  | rN+ Str-4}
 51338 | Depths:4 | Entered Level 4 of the Depths
 51344 | Depths:4 | Found a one-way gateway to a ziggurat.
 52235 | Depths:4 | Found a gate to the Realm of Zot.
 52503 | Depths:4 | Noticed a caustic shrike
 52514 | Depths:4 | Killed a caustic shrike
 52555 | Depths:4 | Gained mutation: You are powered by pain. [demonic
                  | ancestry]
 52555 | Depths:4 | Reached XP level 24. HP: 74/182 MP: 26/27
 53017 | D:10     | Found the amulet of the Four Winds {rN+ Will+++ Clar}
 53064 | D:10     | Reached XP level 25. HP: 147/188 MP: 27/27
 53687 | Slime:1  | Entered Level 1 of the Pits of Slime
 53690 | Slime:1  | Gained mutation: You are frail. (-10% HP) [a shining eye]
 54117 | Slime:5  | Entered Level 5 of the Pits of Slime
 54160 | Slime:5  | Gained mutation: You have hidden genetic defects. [a
                  | shining eye]
 54163 | Slime:5  | Gained mutation: You are very frail. (-20% HP) [a shining
                  | eye]
 54173 | Slime:5  | Lost mutation: You have hidden genetic defects. [potion of
                  | mutation]
 54173 | Slime:5  | Lost mutation: You are very frail. (-20% HP) [potion of
                  | mutation]
 54173 | Slime:5  | Gained mutation: You are dopey. (Int -2) [potion of
                  | mutation]
 54173 | Slime:5  | Gained mutation: You are very frail. (-20% HP) [potion of
                  | mutation]
 54235 | Slime:5  | Gained mutation: You passively map a small area around you.
                  | [a shining eye]
 54237 | Slime:5  | Gained mutation: You are very dopey. (Int -4) [a shining
                  | eye]
 54360 | Slime:4  | Gained mutation: You are clumsy. (Dex -2) [a shining eye]
 54369 | Slime:5  | Gained mutation: Your magical capacity is low. (-10% MP) [a
                  | shining eye]
 54503 | Slime:5  | Noticed the Royal Jelly
 54562 | Slime:4  | Lost mutation: You are clumsy. (Dex -2) [potion of
                  | mutation]
 54562 | Slime:4  | Lost mutation: Your magical capacity is low. (-10% MP)
                  | [potion of mutation]
 54562 | Slime:4  | Gained mutation: You occasionally shout uncontrollably at
                  | your foes. [potion of mutation]
 54563 | Slime:4  | Lost mutation: You are very dopey. (Int -4) [potion of
                  | mutation]
 54563 | Slime:4  | Lost mutation: You occasionally shout uncontrollably at
                  | your foes. [potion of mutation]
 54563 | Slime:4  | Lost mutation: You are dopey. (Int -2) [potion of mutation]
 54563 | Slime:4  | Gained mutation: You are weak. (Str -2) [potion of
                  | mutation]
 54563 | Slime:4  | Gained mutation: You are somewhat resistant to further
                  | mutation. [potion of mutation]
 54564 | Slime:4  | Lost mutation: You are very frail. (-20% HP) [potion of
                  | mutation]
 54564 | Slime:4  | Lost mutation: You passively map a small area around you.
                  | [potion of mutation]
 54733 | Slime:5  | Found the +13 scythe of Curses {drain, Drain}
 54842 | Slime:5  | Killed the Royal Jelly
 54866 | Slime:5  | Identified the +1 ring mail "Othupale" {Rampage Int+5 Dex+2
                  | SInv}
 54868 | Slime:5  | Got a slimy rune of Zot
 54899 | Slime:5  | Identified the +9 great sword of the Dead {vorpal, Int+4
                  | Dex+5}
 54935 | Slime:5  | Identified the ring "Upuca" {rC+ Str+4}
 54949 | Slime:5  | Got the Meditations on Bewitching Sculpting
 55292 | Depths:4 | Learned a level 4 spell: Manifold Assault
 55298 | Depths:4 | Learned a level 5 spell: Lee's Rapid Deconstruction
 55645 | Zot:1    | Entered Level 1 of the Realm of Zot
 56274 | Zot:1    | Found a transporter.
 56278 | Zot:1    | Found a runed translucent door.
 56282 | Zot:1    | Noticed Lioda's ghost (legendary MiBe)
 56334 | Zot:1    | Identified the ring of Xom's Best Wishes {Ice rElec Str-2
                  | Int+8}
 56334 | Zot:1    | Noticed Josephina
 56346 | Zot:1    | Killed Josephina
 56690 | Zot:1    | Found a transporter.
 58182 | Zot:3    | Reached XP level 26. HP: 179/179 MP: 7/27
 58421 | Zot:3    | You are sucked into a shaft and drop 1 floor!
 60215 | Zot:4    | Learned a level 5 spell: Yara's Violent Unravelling
 60816 | Zot:4    | Noticed an orb of fire
 60827 | Zot:4    | Killed an orb of fire
 60828 | Zot:4    | Reached skill level 15 in Fighting
 61604 | Vaults:5 | Entered Level 5 of the Vaults
 61687 | Vaults:5 | Noticed a dread lich
 61691 | Vaults:5 | Killed a dread lich
 61850 | Vaults:5 | Reached skill level 15 in Transmutations
 61850 | Vaults:5 | Reached XP level 27. HP: 187/187 MP: 13/27
 62193 | Vaults:5 | Noticed an ancient lich
 62204 | Vaults:5 | Killed an ancient lich
 62441 | Vaults:5 | Identified the +4 long sword of Taep {drain, rC- rN+ Str+2
                  | Stlth+}
 62448 | Vaults:5 | Noticed a dread lich
 62466 | Vaults:5 | Killed a dread lich
 62516 | Vaults:5 | Got a silver rune of Zot
 62523 | Vaults:5 | Identified the +1 scale mail of the Archfiend {*Slow +Inv
                  | Str+5 Int+3}
 62525 | Vaults:5 | Identified the +3 chain mail "Durghis" {Harm +Inv}
 62647 | Vaults:5 | Found Cabboon's Jewellery Boutique.
 62658 | Vaults:5 | Bought the ring of Patience {Wiz Slay+4} for 1022 gold
                  | pieces
 62680 | Vaults:5 | Bought the ring "Udyno" {rCorr Str+3 Int+3 SInv} for 763
                  | gold pieces
 63468 | D:10     | Killed LetschGu's ghost
 63606 | D:13     | Killed voshxx's ghost
 63610 | D:13     | Identified the +5 scimitar "Fiavorgh" {vorpal, Fragile
                  | rCorr Str+4}
 63741 | Lair:3   | Killed Soborki's ghost
 64083 | Orc:1    | Killed Loklulaf's ghost
 64094 | Orc:1    | Identified the +8 mace of Vunebb {flame, *Slow rCorr Dex+3
                  | SInv}
 64862 | Crypt:2  | Noticed an ancient lich
 65654 | Crypt:2  | Killed an ancient lich
 65677 | Crypt:2  | Identified the ring "Udulyshuk" {Wiz rPois Str+4}
 65753 | Crypt:2  | Acquired a book of Party Tricks
 65757 | Crypt:2  | Learned a level 1 spell: Apportation
 66024 | Pan      | Entered Pandemonium
 66517 | Pan      | Noticed Yzor the pandemonium lord
 66523 | Pan      | Killed Yzor the pandemonium lord
 66586 | Pan      | Got a demonic rune of Zot
 67101 | Pan      | Noticed Baisov the pandemonium lord
 67112 | Pan      | Killed Baisov the pandemonium lord
 67309 | Pan      | Entered the realm of Mnoleg.
 67336 | Pan      | Identified the +6 scale mail of Distant Shores {rF+ Int+2}
 67343 | Pan      | Identified the +2 robe "Caurgh" {rF+ rC- rCorr Dex+3}
 67515 | Pan      | Gained mutation: You occasionally lose the ability to read
                  | scrolls when taking damage. [a neqoxec]
 67530 | Pan      | Gained mutation: You are very weak. (Str -4) [a shining
                  | eye]
 67600 | Pan      | Lost mutation: You are frail. (-10% HP) [potion of
                  | mutation]
 67600 | Pan      | Lost mutation: You occasionally lose the ability to read
                  | scrolls when taking damage. [potion of mutation]
 67600 | Pan      | Lost mutation: You are somewhat resistant to further
                  | mutation. [potion of mutation]
 67600 | Pan      | Gained mutation: You are somewhat resistant to further
                  | mutation. [potion of mutation]
 67600 | Pan      | Lost mutation: You are somewhat resistant to further
                  | mutation. [potion of mutation]
 67600 | Pan      | Gained mutation: You are clumsy. (Dex -2) [potion of
                  | mutation]
 67600 | Pan      | Gained mutation: Your flesh is heat resistant. (rF+)
                  | [potion of mutation]
 67725 | Pan      | Lost mutation: You are clumsy. (Dex -2) [a cacodemon]
 67727 | Pan      | Gained mutation: You are vulnerable to cold. (rC-) [a
                  | cacodemon]
 67731 | Pan      | Gained mutation: Potions cannot restore your health. [a
                  | neqoxec]
 67750 | Pan      | Gained mutation: You occasionally lose the ability to drink
                  | potions when taking damage. [a cacodemon]
 67762 | Pan      | Noticed Mnoleg
 67784 | Pan      | Killed Mnoleg
 67980 | Pan      | Got a glowing rune of Zot
 68050 | Pan      | Lost mutation: You are vulnerable to cold. (rC-) [potion of
                  | mutation]
 68050 | Pan      | Lost mutation: You are very weak. (Str -4) [potion of
                  | mutation]
 68050 | Pan      | Gained mutation: Your mind is acute. (Int +4, Str/Dex -1)
                  | [potion of mutation]
 68055 | Pan      | Entered the realm of Cerebov.
 68427 | Pan      | Identified the +1 robe of the Spheres {rPois rC- Dex+6}
 68587 | Pan      | Identified the +4 broad axe "Agetudua" {drain, rC+ Dex+2}
 68775 | Pan      | Identified the +1 robe of the Catamount {Str+2 SInv}
 68797 | Pan      | Identified the +0 leather armour of the Dice {rF- Str+2
                  | Int+2 Dex+4}
 68913 | Pan      | Identified the amulet "Imounot" {Spirit rCorr Int+5}
 69193 | Pan      | Found the +6 sword of Cerebov {flame}
 69193 | Pan      | Noticed Cerebov
 69476 | Pan      | Killed Cerebov
 69501 | Pan      | Identified the +7 halberd "Pacephut" {freeze, rC- Will+
                  | Str+6 Dex+3}
 69547 | Pan      | Got a fiery rune of Zot
 69705 | Pan      | Lost mutation: You occasionally lose the ability to drink
                  | potions when taking damage. [potion of mutation]
 69705 | Pan      | Lost mutation: Your mind is acute. (Int +4, Str/Dex -1)
                  | [potion of mutation]
 69705 | Pan      | Gained mutation: You are dopey. (Int -2) [potion of
                  | mutation]
 69783 | Pan      | Gained mutation: Your spells are a little easier to cast,
                  | but a little less powerful. [a cacodemon]
 69806 | Pan      | Upgraded the game from 0.30-a0-458-g86641cc369 to
                  | 0.30-a0-459-g9104f0fc43
 70839 | Pan      | Identified the ring of Zizugiem {rPois Str+6 Int+3 Slay+2
                  | Stlth-}
 70839 | Pan      | Noticed a seraph
 70850 | Pan      | Killed a seraph
 70875 | Pan      | Identified the +11 spear of Beyond {vorpal, rPois rC+
                  | Int-5}
 70877 | Pan      | Identified the +2 chain mail "Haycwo" {Fly Str+5}
 70885 | Pan      | Identified the +9 short sword "Coz Ladd" {drain, rN++ Str+4
                  | Int+6}
 70889 | Pan      | Identified the +4 war axe of Armageddon {freeze, rElec rC+
                  | MP-9 Int+6}
 70896 | Depths:2 | Escaped Pandemonium
 70905 | Pan      | Entered Pandemonium
 70909 | Pan      | Identified the +1 helmet of the Armadillo {Will- Str+8
                  | Dex-5 Slay+5}
 70919 | Pan      | Entered the realm of Gloorx Vloq.
 71214 | Pan      | Noticed Mennas
 71228 | Pan      | Killed Mennas
 71914 | Pan      | Noticed Gloorx Vloq
 71928 | Pan      | Killed Gloorx Vloq
 71929 | Pan      | Reached skill level 27 in Unarmed Combat
 71946 | Pan      | Got a dark rune of Zot
 72021 | Pan      | Entered the realm of Lom Lobon.
 72064 | Pan      | Reached skill level 10 in Shields
 72702 | Pan      | Noticed Lom Lobon
 72741 | Pan      | Killed Lom Lobon
 72839 | Pan      | Got a magical rune of Zot
 72910 | Pan      | Found an exit through the horrors of the Abyss.
 72930 | Pan      | Took an exit into the Abyss.
 72930 | Abyss:1  | Escaped into the Abyss
 72944 | Abyss:1  | Found a corrupted altar of Lugonu.
 73203 | Abyss:3  | Noticed a dread lich
 73212 | Abyss:3  | Killed a dread lich
 73334 | Abyss:3  | Reached skill level 5 in Spellcasting
 73455 | Abyss:3  | Gained mutation: You occasionally lose the ability to drink
                  | potions when taking damage. [a neqoxec]
 73515 | Abyss:3  | Got an abyssal rune of Zot
 73670 | Depths:2 | Escaped the Abyss
 73684 | Depths:2 | Lost mutation: You are weak. (Str -2) [potion of mutation]
 73684 | Depths:2 | Lost mutation: Your spells are a little easier to cast, but
                  | a little less powerful. [potion of mutation]
 73684 | Depths:2 | Lost mutation: You occasionally lose the ability to drink
                  | potions when taking damage. [potion of mutation]
 73684 | Depths:2 | Gained mutation: You sometimes lose your temper in combat.
                  | [potion of mutation]
 73684 | Depths:2 | Gained mutation: You are vulnerable to cold. (rC-) [potion
                  | of mutation]
 73685 | Depths:2 | Lost mutation: You are vulnerable to cold. (rC-) [potion of
                  | mutation]
 73685 | Depths:2 | Lost mutation: You are dopey. (Int -2) [potion of mutation]
 73685 | Depths:2 | Gained mutation: Your spells are a little easier to cast,
                  | but a little less powerful. [potion of mutation]
 73685 | Depths:2 | Gained mutation: You are clumsy. (Dex -2) [potion of
                  | mutation]
 73685 | Depths:2 | Gained mutation: You are frail. (-10% HP) [potion of
                  | mutation]
 73686 | Depths:2 | Lost mutation: Your flesh is heat resistant. (rF+) [potion
                  | of mutation]
 73686 | Depths:2 | Lost mutation: You are clumsy. (Dex -2) [potion of
                  | mutation]
 73686 | Depths:2 | Gained mutation: You are partially covered in large bone
                  | plates. (SH +4) [potion of mutation]
 73686 | Depths:2 | Gained mutation: Your muscles are strong. (Str +4, Int/Dex
                  | -1) [potion of mutation]
 73686 | Depths:2 | Gained mutation: You are agile. (Dex +4, Str/Int -1)
                  | [potion of mutation]
 73687 | Depths:2 | Lost mutation: Potions cannot restore your health. [potion
                  | of mutation]
 73687 | Depths:2 | Lost mutation: Your spells are a little easier to cast, but
                  | a little less powerful. [potion of mutation]
 73687 | Depths:2 | Lost mutation: You sometimes lose your temper in combat.
                  | [potion of mutation]
 73687 | Depths:2 | Lost mutation: You are frail. (-10% HP) [potion of
                  | mutation]
 73687 | Depths:2 | Gained mutation: Armour fits poorly on your strangely
                  | shaped body. [potion of mutation]
 73687 | Depths:2 | Gained mutation: You have a pair of small horns on your
                  | head. [potion of mutation]
 73856 | Zot:1    | Killed Lioda's ghost
 73928 | Zot:1    | Identified the +1 hat of the Centipede {Will+ Int+3 Dex+3}
 74192 | Hell     | Entered the Vestibule of Hell
 74192 | Hell     | Noticed Geryon
 74221 | Hell     | Killed Geryon
 74394 | Hell     | Found a gateway to the freezing wastes of Cocytus.
 74568 | Hell     | Found a gateway to the decaying netherworld of Tartarus.
 74738 | Hell     | Found a gateway to the ashen valley of Gehenna.
 74847 | Hell     | Found a gateway to the Iron City of Dis.
 74889 | Hell     | Learned a level 9 spell: Shatter
 74999 | Zig:1    | Entered Level 1 of a ziggurat
 75015 | Zig:2    | Entered Level 2 of a ziggurat
 75016 | Zig:2    | Noticed Naqeat the pandemonium lord
 75026 | Zig:2    | Killed Naqeat the pandemonium lord
 75041 | Zig:3    | Entered Level 3 of a ziggurat
 75083 | Zig:3    | Identified the ring of the Scarab {Fire Str+3 Int+2 Slay+3
                  | Stlth-}
 75101 | Zig:4    | Entered Level 4 of a ziggurat
 75129 | Zig:4    | Identified the amulet "Beran" {Reflect rC- Dex+4 SH+5}
 75140 | Zig:5    | Entered Level 5 of a ziggurat
 75270 | Zig:6    | Entered Level 6 of a ziggurat
 75321 | Zig:6    | Identified the ring "Hahuan" {Fire rN+ Str+4 Int+2 Dex-3}
 75336 | Zig:7    | Entered Level 7 of a ziggurat
 75378 | Zig:7    | Identified the ring "Cosuniutoi" {Str+6 Int-3 Slay+5}
 75394 | Zig:7    | Identified the +2 helmet of Edeint {SInv}
 75481 | Zig:8    | Entered Level 8 of a ziggurat
 75490 | Zig:8    | Noticed Coynul the pandemonium lord
 75508 | Zig:8    | Killed Coynul the pandemonium lord
 75526 | Zig:8    | Identified the +10 war axe of the Weasel {flame, Str+3}
 75623 | Zig:9    | Entered Level 9 of a ziggurat
 75674 | Zig:9    | Identified the ring "Leceu" {Wiz Int+3}
 75857 | Zig:10   | Entered Level 10 of a ziggurat
 75862 | Zig:10   | Noticed Hocud the pandemonium lord
 75866 | Zig:10   | Noticed Itioh the pandemonium lord
 75871 | Zig:10   | Killed Hocud the pandemonium lord
 75876 | Zig:10   | Killed Itioh the pandemonium lord
 75891 | Zig:10   | Acquired the +0 cloak "Haemyxaeps" {rElec rC+++ Regen+
                  | Str-2}
 75901 | Zig:10   | Identified the +1 robe of the Lily {Contam rPois rCorr
                  | Slay+3}
 75926 | Zig:11   | Entered Level 11 of a ziggurat
 75989 | Zig:11   | Found the ring of the Hare {EV+8}
 75995 | Zig:11   | Identified the amulet of Recklessness {Faith rF+ rN+ SInv}
 75998 | Zig:11   | Identified the +7 falchion of Afoykist {drain, rF+ Dex+2}
 76019 | Zig:11   | Identified the +10 sling "Cycyut" {vorpal, rN+ Str-4 Int+5
                  | Dex+4}
 76074 | Zig:12   | Entered Level 12 of a ziggurat
 76176 | Zig:12   | Identified the +6 sling of Mashing Certain Death
                  | {antimagic, rF+ Str-2 Dex+6 Stlth+}
 76183 | Zig:12   | Identified the +2 hand axe of the Big Fish {vorpal, Drain
                  | rN++}
 76212 | Zig:12   | Identified the +6 lajatang "Comu" {drain, rC- Str+4 Dex+6}
 76242 | Zig:13   | Entered Level 13 of a ziggurat
 76280 | Zig:13   | Identified the +5 flail of Quick Death {freeze, Contam
                  | rPois Int+4 Stlth+}
 76293 | Zig:13   | Identified the +1 plate armour "Ussano" {Harm Will+ MP+9}
 76321 | Zig:14   | Entered Level 14 of a ziggurat
 76395 | Zig:14   | Identified the +5 mace "Ceossy" {vorpal, *Noise rPois rCorr
                  | Stlth+}
 76431 | Zig:15   | Entered Level 15 of a ziggurat
 76458 | Zig:15   | Noticed an orb of fire
 76459 | Zig:15   | Lost mutation: Your muscles are strong. (Str +4, Int/Dex
                  | -1) [an orb of fire]
 76461 | Zig:15   | Noticed an orb of fire
 76468 | Zig:15   | Killed an orb of fire
 76473 | Zig:15   | Killed an orb of fire
 76733 | Zig:15   | Noticed an orb of fire
 76758 | Zig:15   | Identified the +6 hand crossbow of Beghin {freeze, rC+}
 76762 | Zig:15   | Identified the +9 morningstar "Ongirag" {antimagic, rC+}
 76770 | Zig:15   | Identified the +5 short sword of Zihappudoy {protect, rElec
                  | rPois rF++}
 76879 | Hell     | Learned a level 5 spell: Borgnjor's Vile Clutch
 76883 | Dis:1    | Entered Level 1 of the Iron City of Dis
 77013 | Dis:3    | Noticed an ancient lich
 77018 | Dis:3    | Killed an ancient lich
 77775 | Dis:5    | Reached skill level 15 in Shields
 78294 | Dis:7    | Entered Level 7 of the Iron City of Dis
 78300 | Dis:7    | Acquired 1233 gold pieces
 78928 | Dis:7    | Found the +4 staff of Dispater
 78928 | Dis:7    | Noticed Dispater
 78949 | Dis:7    | Killed Dispater
 79060 | Dis:7    | Identified the ring "Xainen" {rF+ rC+ Str+2 Stlth+}
 79063 | Dis:7    | Got an iron rune of Zot
 79269 | Tar:1    | Entered Level 1 of Tartarus
 79756 | Tar:2    | Noticed an ancient lich
 79772 | Tar:2    | Killed an ancient lich
 79839 | Tar:2    | Noticed a dread lich
 79842 | Tar:2    | Killed a dread lich
 79843 | Tar:2    | Noticed a dread lich
 79849 | Tar:2    | Killed a dread lich
 79913 | Tar:2    | Noticed an ancient lich
 79922 | Tar:2    | Killed an ancient lich
 79924 | Tar:2    | Noticed a dread lich
 79926 | Tar:2    | Killed a dread lich
 80797 | Tar:7    | Entered Level 7 of Tartarus
 80924 | Tar:7    | Reached skill level 27 in Earth Magic
 80946 | Tar:7    | Reached skill level 10 in Spellcasting
 81099 | Tar:7    | Identified the ring of Darkness {*Slow Will+ rCorr EV+4}
 81113 | Tar:7    | Identified the +11 whip of Tumult {protect, Str+4 Stlth+}
 81126 | Tar:7    | Identified the +4 mace "Fazigh" {freeze, Drain rElec Str+3
                  | SInv}
 81168 | Tar:7    | Identified the +2 spear of Accidental Termination {vorpal,
                  | rF+ Dex+3}
 81226 | Tar:7    | Identified the +7 shortbow of the Sixty-Six Tables {flame,
                  | rPois rC+++ Int-4 Dex-2}
 81351 | Tar:7    | Identified the amulet of Qihoz {Acrobat Harm Rampage rC+}
 81411 | Tar:7    | Identified the ring of the Seeker {Ice rCorr MP+9}
 81976 | Tar:7    | Noticed Ereshkigal
 82000 | Tar:7    | Killed Ereshkigal
 82041 | Tar:7    | Got a bone rune of Zot
 82234 | Coc:1    | Entered Level 1 of Cocytus
 82234 | Coc:1    | Noticed an ancient lich
 82239 | Coc:1    | Killed an ancient lich
 82402 | Coc:2    | Noticed an ancient lich
 82412 | Coc:2    | Killed an ancient lich
 82699 | Coc:4    | You fall into a shaft and drop 2 floors!
 82699 | Coc:6    | Noticed a dread lich
 82702 | Coc:7    | Entered Level 7 of Cocytus
 82833 | Coc:7    | Paralysed by a wendigo for 1 turns
 82841 | Coc:7    | Noticed the Serpent of Hell
 83281 | Coc:7    | Found the +7 lajatang of Order {silver, rMut}
 83353 | Coc:7    | Killed the Serpent of Hell
 83518 | Coc:7    | Noticed Antaeus
 83545 | Coc:7    | Killed Antaeus
 83558 | Coc:7    | Got an icy rune of Zot
 83599 | Coc:7    | Paralysed by a wendigo for 1 turns
 83624 | Hell     | Learned a level 5 spell: Irradiate
 83669 | Geh:1    | Entered Level 1 of Gehenna
 83761 | Geh:2    | Noticed an ancient lich
 83761 | Geh:2    | Noticed a dread lich
 83761 | Geh:2    | Noticed a dread lich
 83761 | Geh:2    | Noticed an ancient lich
 83761 | Geh:2    | Noticed a dread lich
 83761 | Geh:2    | Noticed an ancient lich
 83762 | Geh:2    | Killed a dread lich
 83763 | Geh:2    | Killed a dread lich
 83763 | Geh:2    | Killed a dread lich
 83766 | Geh:2    | Killed an ancient lich
 83768 | Geh:2    | Killed an ancient lich
 83770 | Geh:2    | Killed an ancient lich
 83790 | Geh:2    | Gained mutation: Potions cannot restore your health.
                  | [mutagenic glow]
 84323 | Geh:3    | Found a huge runed gate.
 84323 | Geh:3    | Found a huge runed gate.
 84323 | Geh:3    | Found a huge runed gate.
 84323 | Geh:3    | Found a huge runed gate.
 84323 | Geh:3    | Found a huge runed gate.
 84323 | Geh:3    | Found a huge runed gate.
 84325 | Geh:3    | Found a huge runed gate.
 84325 | Geh:3    | Found a huge runed gate.
 84325 | Geh:3    | Found a huge runed gate.
 84326 | Geh:3    | Found a huge runed gate.
 84327 | Geh:3    | Found a huge runed gate.
 84328 | Geh:3    | Found a huge runed gate.
 84329 | Geh:3    | Found a huge runed gate.
 84330 | Geh:3    | Found a huge runed gate.
 84331 | Geh:3    | Found a huge runed gate.
 85003 | Geh:7    | Entered Level 7 of Gehenna
 85022 | Geh:7    | Reached skill level 15 in Spellcasting
 85669 | Geh:7    | Identified the +1 leather armour "Foxtoasm" {rPois rF-
                  | Str+3}
 85689 | Geh:7    | Identified the +2 scale mail of Qoej {Dex+2}
 86064 | Geh:7    | Noticed a dread lich
 86068 | Geh:7    | Killed a dread lich
 86152 | Geh:7    | Identified the +1 falchion "Huocunez" {venom, rCorr Int+4}
 86153 | Geh:7    | Identified the +1 leather armour of Death Resistance
                  | {*Corrode rElec rN+ Int+4}
 86155 | Geh:7    | Identified the +9 broad axe of Valour {freeze, rCorr Str-4
                  | Int+4 Dex+4}
 86328 | Geh:7    | Found the +7 sceptre of Asmodeus
 86328 | Geh:7    | Noticed Asmodeus
 86357 | Geh:7    | Killed Asmodeus
 86608 | Geh:7    | Got an obsidian rune of Zot
 87020 | Tomb:1   | Entered Level 1 of the Tomb of the Ancients
 87359 | Tomb:1   | Noticed a royal mummy
 87368 | Tomb:1   | Noticed a royal mummy
 87374 | Tomb:1   | Killed a royal mummy
 87383 | Tomb:1   | Killed a royal mummy
 87424 | Tomb:1   | Noticed a royal mummy
 87433 | Tomb:1   | Killed a royal mummy
 87499 | Tomb:1   | Gained mutation: You are weak. (Str -2) [mutagenic glow]
 87510 | Tomb:1   | Gained mutation: Your magical capacity is low. (-10% MP)
                  | [mutagenic glow]
 87544 | Tomb:1   | Noticed a royal mummy
 87554 | Tomb:1   | Killed a royal mummy
 87934 | Tomb:1   | Noticed a royal mummy
 87943 | Tomb:1   | Killed a royal mummy
 87968 | Tomb:1   | Noticed a royal mummy
 87975 | Tomb:1   | Noticed a royal mummy
 87979 | Tomb:1   | Killed a royal mummy
 87982 | Tomb:1   | Noticed a royal mummy
 87987 | Tomb:1   | Noticed a royal mummy
 88143 | Tomb:1   | Killed a royal mummy
 88155 | Tomb:1   | Noticed a royal mummy
 88165 | Tomb:1   | Killed a royal mummy
 88172 | Tomb:1   | Killed a royal mummy
 88180 | Tomb:1   | Killed a royal mummy
 88261 | Tomb:2   | Noticed a royal mummy
 88282 | Tomb:2   | Noticed a royal mummy
 88285 | Tomb:2   | Killed a royal mummy
 88306 | Tomb:2   | Noticed a royal mummy
 88306 | Tomb:2   | Noticed a royal mummy
 88316 | Tomb:2   | Killed a royal mummy
 88324 | Tomb:2   | Killed a royal mummy
 88329 | Tomb:2   | Killed a royal mummy
 88580 | Tomb:3   | Entered Level 3 of the Tomb of the Ancients
 88600 | Tomb:3   | Identified the amulet "Kump" {Faith rF- Int+2 Dex+7}
 88648 | Tomb:3   | Noticed a royal mummy
 88668 | Tomb:3   | Noticed a royal mummy
 88675 | Tomb:3   | Killed a royal mummy
 88707 | Tomb:3   | Noticed a royal mummy
 88714 | Tomb:3   | Killed a royal mummy
 88721 | Tomb:3   | Noticed a royal mummy
 88725 | Tomb:3   | Noticed a royal mummy
 88732 | Tomb:3   | Killed a royal mummy
 88739 | Tomb:3   | Killed a royal mummy
 88742 | Tomb:3   | Noticed a royal mummy
 88745 | Tomb:3   | Noticed a royal mummy
 88750 | Tomb:3   | Killed a royal mummy
 88761 | Tomb:3   | Killed a royal mummy
 88774 | Tomb:3   | Killed a royal mummy
 88791 | Tomb:3   | Noticed a royal mummy
 88794 | Tomb:3   | Killed a royal mummy
 88801 | Tomb:3   | Noticed a royal mummy
 88806 | Tomb:3   | Killed a royal mummy
 88864 | Tomb:3   | Got a golden rune of Zot
 89394 | Zot:5    | Entered Level 5 of the Realm of Zot
 89965 | Zot:5    | Noticed an ancient lich
 89972 | Zot:5    | Noticed an orb of fire
 89978 | Zot:5    | Killed an ancient lich
 89980 | Zot:5    | Noticed an orb of fire
 89980 | Zot:5    | Killed an orb of fire
 89994 | Zot:5    | Killed an orb of fire
 90217 | Zot:5    | Noticed an orb of fire
 90226 | Zot:5    | Killed an orb of fire
 90443 | Zot:5    | Noticed an ancient lich
 90445 | Zot:5    | Noticed an ancient lich
 90448 | Zot:5    | Killed an ancient lich
 90454 | Zot:5    | Killed an ancient lich
 90556 | Zot:5    | Got the Orb of Zot
 90719 | Depths:4 | Noticed Yfyff the pandemonium lord
 91003 | D:6      | Noticed Zipesh the pandemonium lord
 91036 | D:4      | Noticed Cidd the pandemonium lord
 91091 | D:$      | Escaped with the Orb!

Illustrated notes

Levels and vault maps discovered:
D:1:      onia_arrival_pentagram, layout_loops_corners,
          hellmonk_ecumenical_altar_inner_sanctum, minmay_misc_feat_chi,
          corexii_leaking_fountain
D:2:      layout_basic, minmay_shallow_snake_nest
D:3:      layout_loops_ring, mainiacjoe_overflow_boulevard,
          nicolae_overflow_two_pavilions, kennysheep_generic_room_15
D:4:      layout_basic, lemuel_crystal_altar, amcnicky_altar_gilded,
          gup_sewer_entry_bubbles
D:5:      layout_basic, gammafunk_ghost_necromancy, grunt_ministairs_15,
          minivault_14
D:6:      layout_basic, nicolae_uskayaw_en_pointe,
          minmay_temple_entry_crystal_x, uniq_grinder
D:7:      cheibrodos_steamvent, layout_rooms, mainiacjoe_overflow_alcove_2,
          minmay_joined_circles
D:8:      nicolae_cairo_tiling, layout_cave_pods, hangedman_feature_mirror
D:9:      layout_long_grid, nicolae_wwwww
D:10:     gammafunk_corrupted_shrine, layout_loops_corners,
          ebering_ghost_funeral_grove, uniq_harold, uniq_amaemon, uniq_urug
D:11:     minmay_cornered_nines, layout_long_grid, lair_entry_dummy,
          serial_bayou_lagoon_a, uniq_lodul, uniq_gastronok
D:12:     layout_roguey, orc_0_dummy, minmay_misc_feat_cross,
          chequers_serial_rivers_micro_d
D:13:     layout_cave_pools, david_vaults_2, gammafunk_ghost_hydra_chop,
          minmay_misc_feat_iff, kennysheep_generic_room_10, uniq_snorg
D:14:     layout_roguey, serial_park_tiny_1
D:15:     grunt_enter_depths_snipers, layout_basic, chequers_jeans
Lair:1:   dreamdust_isle_of_ice, layout_loops_ring,
          chequers_serial_rivers_micro_b, eino_small_chamber_without_monster,
          minivault_11, lemuel_centaur_altar, uniq_fannar
Lair:2:   layout_chaotic_city, nicolae_spider_entry_orb_guardian,
          hibernation_bobbens
Lair:3:   layout_cave_pods, minmay_shoals_entry_centaurs,
          hellmonk_ghost_happy_afterlife
Lair:4:   layout_hall_layers, portal_ice_cave_entry_imps, grunt_megastairs_2,
          uniq_nessos
Lair:5:   due_jungle_book, layout_small_grid, minmay_slime_entry_oklob_enclosed,
          chequers_serial_rivers_marsh, infiniplex_staircase_pool_2, uniq_rupert
Shoals:1: layout_shoals, serial_shops, shop, uniq_aizul, uniq_louise,
          uniq_roxanne, uniq_jorgrun
Shoals:2: layout_shoals
Shoals:3: layout_shoals, nicolae_shoals_land_atoll,
          nicolae_shoals_square_sea_wall
Shoals:4: shoals_end_hellmonk_storm_palace [storm_palace_center_circular,
          storm_palace_corner_reverse_hut, storm_palace_corner_altar,
          storm_palace_corner_narrow, storm_palace_corner_reverse_hut],
          uniq_nikola
Spider:1: lemuel_spider_zombies
Spider:2: layout_spider_delve, uniq_donald
Spider:3: layout_spider_delve, spiders_nest_the_unseen
Spider:4: hellmonk_spider_rune_bug_friends
Slime:1:  layout_caves
Slime:2:  layout_caves
Slime:3:  layout_caves, cheibrodos_slime_lost_civilization_7
Slime:4:  layout_caves
Slime:5
Orc:1:    layout_caves, gammafunk_ghost_arena, basic_altar
Orc:2:    st_orc_elflike, layout_caves
Elf:1:    eino_elf_arrival_shootout, layout_loops_corners, serial_shops, shop,
          nicolae_shop_trees, minmay_elf_annihilation
Elf:2:    nicolae_elf_blades_splatter_lattice
          [nicolae_blade_entry_crossed_weapons], layout_onion_city,
          serial_shops, nicolae_square_shop, nicolae_shop_waterfront,
          nicolae_shop_bloodbath_and_beyond, shop, nicolae_shop_stone,
          nicolae_shop_gadgets
Elf:3:    minmay_elf_hall_four_x, layout_geoelf_grid, st_stairs_5,
          elves_outpost_lemuel
Vaults:1: nicolae_vaults_big_ls, vaults_room_grunt_arrival_ludios,
          vaults_room_pool, v_rooms_3, nicolae_vaults_display_case,
          hangedman_vaults_stitches, vaults_room_door_hall,
          layout_vaults_big_room, serial_shops, shop_fountains
Vaults:2: ontoclasm_vaults_chip, nicolae_vaults_puzzle_piece, vaults_room_grid,
          hangedman_vaults_variations, hangedman_vaults_nails, v_rooms_4,
          hangedman_vaults_trim, v_misc_19, nicolae_vaults_circle_grid_a,
          ontoclasm_vaults_misaligned, nicolae_vaults_circle_grid_b,
          layout_vaults_ring
Vaults:3: nicolae_vaults_triangles, v_alt_pattern_5, grunt_vaults_focal,
          vaults_room_semicircle, v_pattern_2, minmay_crypt_entry_nasty_monster,
          vaults_dpeg_hooks, vaults_room_pool, layout_vaults_omnigrid,
          serial_shops, shop
Vaults:4: v_misc_14, ontoclasm_vaults_ring_large, nicolae_vaults_shelves_hall,
          hangedman_vaults_pinch, v_pattern_3, v_rooms_4, st_cross,
          ontoclasm_vaults_chip, vaults_room_pools, vaults_room_ringed_pool,
          v_misc_27, v_misc_29, nicolae_vaults_circle_grid_a,
          layout_vaults_omnibox
Vaults:5
Crypt:1:  layout_misc_corridors
Crypt:2:  evilmike_wizard_prison, layout_misc_corridors, uniq_zenata,
          uniq_bai_suzhen
Crypt:3:  due_elkab, layout_chaotic_city, grunt_ministairs_7
Tomb:1
Tomb:2
Tomb:3
Depths:1: layout_forbidden_donut, lemuel_blue_sif_altar, abyss_entry,
          hell_entry, minmay_misc_feat_ornament, minmay_misc_feat_roman,
          nicolae_shop_i_like_big_books, zin_statuary
Depths:2: cheibrodos_leafed_vault, layout_cave_shapes, hellmouth_2,
          serial_hangedman_research, hangedman_research_thanatology,
          hangedman_research_pyrotechnics, hangedman_research_quantum,
          hangedman_research_metamorphosis, pan_entry,
          serial_sigils_hangedman_writhe, kennysheep_crisscross
Depths:3: minmay_mutant_horseshoe, layout_basic, kennysheep_cross_room,
          hell_entry, abyss_entry_small_statue_room
Depths:4: grunt_zot_entry_hairpin, layout_cave_pools, enter_ziggurat_d,
          nicolae_hepliaklqana_hazy_memory, grunt_hell_entry_dis_mu,
          minmay_fractal_squares_gapless_7, serial_bayou_shore_a
Hell
Dis:1:    layout_subdivisions
Dis:2:    layout_jigsaw
Dis:3:    layout_gridville
Dis:4:    layout_gridville, lemuel_mystery_crypt
Dis:5:    nicolae_dis_big_iron_x
Dis:6:    layout_gridville
Dis:7:    iron_city_of_dis [dis_mu, dis_wall_8], layout_gridville,
          minmay_strange_pillars, nicolae_dis_scattering
Geh:1:    layout_gehenna_lava_caves
Geh:2:    layout_gehenna_lava_caves, nicolae_geh_liches_on_tour
Geh:3:    layout_gehenna_lava_caves, door_vault
Geh:4:    layout_gehenna_lava_caves
Geh:5:    layout_gehenna_lava_caves
Geh:6:    layout_gehenna_pools_triple
Geh:7:    evilmike_geh
Coc:1:    layout_ice_bergs
Coc:2:    layout_ice_bergs
Coc:3:    layout_ice_bergs
Coc:4:    layout_cocytus_water_paths
Coc:6:    layout_cocytus_water_paths
Coc:7:    coc_dpeg
Tar:1:    nicolae_tar_tart_auras, layout_cathedral_of_symmetry,
          nicolae_tar_windowcombs
Tar:2:    layout_honeycomb, nicolae_hells_leichenhalle
Tar:3:    nicolae_tar_fifth_circle, layout_cathedral_of_symmetry
Tar:4:    layout_grid_maze
Tar:5:    layout_cathedral_of_symmetry, nicolae_hells_seeping_fissure
Tar:6:    layout_honeycomb
Tar:7:    tar_mu [tar_mu_maze]
Zot:1:    gammafunk_sealed_arena, layout_concentric_octagons,
          ebering_ghost_inner_flame, grunt_ministairs_15, lemuel_golem_globe,
          uniq_josephina
Zot:2:    layout_basic
Zot:3:    layout_basic
Zot:4:    grunt_zot_stairs_mandelzot, layout_misc_corridors
Zot:5:    layout_basic, st_stairs_8

Skill      XL: |  1  2  3  4  5  6  7  8  9 10 11 12 13 14 15 16 17 18 19 20 21 22 23 24 25 26 27 |
---------------+----------------------------------------------------------------------------------+-----
Ranged Weapons | 4 5 6 9 11 12 14 | 14.4
Unarmed Combat | 2 3 6 10 11 13 14 16 17 18 19 19 20 21 23 27 | 27.0
Dodging        | 4 6 8 9 11 11 13 14 | 14.4
Fighting       | 5 7 8 10 11 12 12 13 14 15 21 | 21.1
Spellcasting   | 3 19 | 19.5
Translocations | 5 7 |  7.7
Throwing       | 1 3 |  3.3
Transmutations | 5 9 10 11 12 13 14 15 16 | 16.6
Earth Magic    | 5 9 10 12 14 16 17 18 27 | 27.0
Armour         | 2 |  2.2
Shields        | 3 6 8 9 21 | 21.1
Stealth        | |  0.7

Action                   |  1- 3 |  4- 6 |  7- 9 | 10-12 | 13-15 | 16-18 | 19-21 | 22-24 | 25-27 || total
-------------------------+-------+-------+-------+-------+-------+-------+-------+-------+-------++-------
Melee: Dagger            |     8 |     3 |    93 |   246 |    10 |       |       |       |       ||   360
       Unarmed           |       |    64 |    54 |   439 |  1168 |  1834 |  1827 |  1200 |  5039 || 11625
       Punch             |       |     1 |    14 |    68 |   188 |   260 |   133 |       |       ||   664
       Hand axe          |       |       |       |       |    19 |    39 |    57 |     3 |       ||   118
       Headbutt          |       |       |       |       |       |       |       |       |   987 ||   987
       Demon whip        |       |       |       |       |       |       |       |       |     7 ||     7
 Fire: Shortbow          |    64 |   259 |   193 |   354 |   108 |       |       |       |       ||   978
       Sling             |       |       |       |       |   205 |       |       |       |       ||   205
       Arbalest          |       |       |       |       |       |    45 |     3 |       |       ||    48
       Longbow           |       |       |       |       |       |    39 |       |       |       ||    39
       Greatsling        |       |       |       |       |       |       |   401 |   731 |   712 ||  1844
       Hand crossbow     |       |       |       |       |       |       |       |       |    48 ||    48
Throw: Dart              |       |       |     4 |    14 |    63 |    99 |     4 |       |       ||   184
       Throwing net      |       |       |       |     7 |     3 |     3 |     1 |     3 |     1 ||    18
       Javelin           |       |       |       |       |     3 |     3 |     4 |     3 |     9 ||    22
 Cast: Lesser Beckoning  |       |       |       |       |       |       |    66 |    25 |   366 ||   457
       Wereblood         |       |       |       |       |       |       |    26 |    26 |   100 ||   152
       Blink             |       |       |       |       |       |       |     1 |       |     5 ||     6
       Statue Form       |       |       |       |       |       |       |       |     4 |   281 ||   285
       Lee's Rapid Decon |       |       |       |       |       |       |       |       |    16 ||    16
       Passwall          |       |       |       |       |       |       |       |       |    29 ||    29
       Yara's Violent Un |       |       |       |       |       |       |       |       |    63 ||    63
       Apportation       |       |       |       |       |       |       |       |       |    19 ||    19
       Manifold Assault  |       |       |       |       |       |       |       |       |    17 ||    17
       Borgnjor's Vile C |       |       |       |       |       |       |       |       |    14 ||    14
       Shatter           |       |       |       |       |       |       |       |       |     9 ||     9
       Irradiate         |       |       |       |       |       |       |       |       |     9 ||     9
Invok: Reject Sacrifices |       |     1 |     1 |       |     2 |       |       |       |       ||     4
       Sacrifice Essence |       |       |       |     1 |       |       |       |       |       ||     1
       Sacrifice Purity  |       |       |       |     1 |       |       |       |       |       ||     1
       Sacrifice Love    |       |       |       |       |     1 |       |       |       |       ||     1
       Apocalypse        |       |       |       |       |     1 |     3 |     8 |     4 |    21 ||    37
       Sacrifice Artific |       |       |       |       |     1 |       |       |       |       ||     1
       Sacrifice Skill   |       |       |       |       |       |     1 |       |       |       ||     1
       Draw Out Power    |       |       |       |       |       |     3 |     2 |     2 |    29 ||    36
       Power Leap        |       |       |       |       |       |       |       |     3 |    12 ||    15
 Abil: Hurl Damnation    |       |       |       |       |       |       |       |     5 |    30 ||    35
       End Transformatio |       |       |       |       |       |       |       |     1 |    70 ||    71
Evoke: Wand              |       |       |       |    27 |    17 |       |       |       |       ||    44
  Use: Scroll            |     5 |       |     7 |    20 |    10 |     4 |     8 |     1 |    63 ||   118
       Potion            |       |       |     1 |     8 |     4 |     4 |     3 |     1 |    81 ||   102
 Stab: Held in net/web   |       |       |       |     5 |     1 |     6 |       |       |     1 ||    13
       Distracted        |       |       |       |     1 |     1 |    19 |     9 |     8 |    56 ||    94
       Invisible         |       |       |       |       |     8 |    17 |    20 |    14 |    51 ||   110
       Sleeping          |       |       |       |       |     1 |       |     1 |       |     3 ||     5
       Paralysed         |       |       |       |       |     1 |     2 |    15 |    22 |    42 ||    82
       Confused          |       |       |       |       |       |       |       |       |     1 ||     1
Armor: Leather armour    |     3 |       |       |       |       |       |       |       |       ||     3
       Ring mail         |     6 |    81 |    93 |   198 |   295 |    57 |   442 |   371 |       ||  1543
       Acid dragon scale |       |       |       |       |     3 |       |       |       |       ||     3
       Plate armour      |       |       |       |       |   112 |   935 |       |       |       ||  1047
       Skin              |       |       |       |       |       |       |       |    48 |  1581 ||  1629
       Robe              |       |       |       |       |       |       |       |       |    61 ||    61
Dodge: Dodged            |    12 |    87 |    98 |   355 |   571 |   753 |   851 |   665 |  2996 ||  6388
Block: Other             |     2 |    33 |    37 |   101 |   158 |   212 |    62 |       |       ||   605
       Buckler           |       |       |       |       |       |       |   384 |   506 |  2268 ||  3158
       Tower shield      |       |       |       |       |       |       |       |       |  1669 ||  1669

Table legend: (Time is in decaauts)
 A = Elapsed time spent in this place.
 B = Non-inter-level travel time spent in this place.
 C = Inter-level travel time spent in this place.
 D = Time resting spent in this place.
 E = Time spent auto-exploring this place.
 F = Levels seen in this place.
 G = Mean time per level.
                   A        B        C        D        E       F      G
               +--------+--------+--------+--------+--------+-----+--------+
         Total |  93435 |  85500 |   7935 |  14150 |  26934 | 118 |  791.8 |
       Dungeon |  14882 |  12703 |   2179 |    427 |   7211 |  15 |  992.1 |
          Lair |   7771 |   6543 |   1228 |    338 |   3044 |   5 | 1554.2 |
        Shoals |   4786 |   4467 |    319 |    401 |   1714 |   4 | 1196.5 |
   Spider Nest |   4311 |   4110 |    201 |    585 |   1794 |   4 | 1077.8 |
    Slime Pits |   1516 |   1480 |     36 |    446 |      0 |   5 |  303.2 |
  Orcish Mines |   1388 |   1153 |    235 |     57 |    394 |   2 |  694.0 |
   Elven Halls |   4357 |   4102 |    255 |    525 |   1854 |   3 | 1452.3 |
        Vaults |   8109 |   7423 |    686 |    632 |   3592 |   5 | 1621.8 |
         Crypt |   5546 |   4963 |    583 |    889 |   1725 |   3 | 1848.7 |
          Tomb |   2458 |   2295 |    163 |    241 |    161 |   3 |  819.3 |
        Depths |   6770 |   5634 |   1136 |   1051 |   2062 |   4 | 1692.5 |
          Hell |    884 |    824 |     60 |    131 |      0 |   1 |  884.0 |
           Dis |   2563 |   2456 |    107 |   1193 |     43 |   7 |  366.1 |
       Gehenna |   3594 |   3458 |    136 |   1492 |      0 |   7 |  513.4 |
       Cocytus |   1592 |   1592 |      0 |    498 |      0 |   6 |  265.3 |
      Tartarus |   3409 |   3297 |    112 |   1226 |    461 |   7 |  487.0 |
           Zot |   7869 |   7377 |    492 |   2256 |   2478 |   5 | 1573.8 |
         Abyss |    841 |    841 |      0 |      0 |      0 |   3 |  280.3 |
   Pandemonium |   7811 |   7811 |      0 |   1099 |    371 |  12 |  650.9 |
      Ziggurat |   2003 |   2003 |      0 |    609 |      0 |  15 |  133.5 |
         Sewer |    354 |    354 |      0 |      0 |      1 |   1 |  354.0 |
      Ice Cave |    610 |    610 |      0 |     49 |     26 |   1 |  610.0 |
               +--------+--------+--------+--------+--------+-----+--------+

Top non-repeatable levels by time:
 Crypt:2: 2350 daAuts
Depths:2: 2182 daAuts
   Zot:3: 2180 daAuts
Depths:4: 2151 daAuts
   Geh:7: 2045 daAuts
  Lair:5: 1964 daAuts
    D:10: 1868 daAuts
  Lair:1: 1864 daAuts
   Zot:1: 1855 daAuts
Vaults:5: 1814 daAuts
Vaults:3: 1744 daAuts
 Crypt:3: 1727 daAuts
  Tomb:1: 1676 daAuts
   Elf:3: 1659 daAuts
   Tar:7: 1602 daAuts
